Workbook
Name CheckNoOfQuestion: #REF!
Name CurrentChoice: #REF!
Name CurrentQuestion: #REF!
Name DiffLevelEasy: [1]Analysis!$AF$2
Name DiffLevelHard: [1]Analysis!$AF$4
Name DiffLevelMedium: [1]Analysis!$AF$3
Name DiffLevelNA: [1]Analysis!$AF$6
Name DiffLevelVeryHard: [1]Analysis!$AF$5
Name EL_AnswerChoice: 'Error Log'!$H$2
Name EL_Category: 'Error Log'!$F$2
Name EL_DifferentLevel: 'Error Log'!$D$2
Name EL_Percentile: 'Error Log'!$E$2
Name EL_Question: 'Error Log'!$A$2
Name EL_QuestionNo: 'Error Log'!$G$2
Name EL_Result: 'Error Log'!$I$2
Name EL_Section: 'Error Log'!$C$2
Name EL_TimeMin: 'Error Log'!#REF!
Name EL_TimeSec: 'Error Log'!#REF!
Name EL_TimeTotal: 'Error Log'!$J$2
Name FromQuestion: #REF!
Name NoOfQuestion: #REF!
Name OG_2016_CR_Results: CR!$C$3:$F$126
Name OG_2016_CR_Results: 'RC'!$D$3:$G$141
Name OG_2016_DS_Diag_Results: 'Diag Q'!$C$27:$G$50
Name OG_2016_DS_Diag_Results_1: 'Diag Q'!$C$27:$G$50
Name OG_2016_PS_Diag_Results: 'Diag Q'!$C$3:$G$26
Name OG_2016_PS_Diag_Results_1: 'Diag Q'!$C$3:$G$26
Name OG_2016_PS_Results: PS!$A$3:$F$232
Name OG_2016_SC_Results: SC!$C$3:$F$142
Name SecondPrecise: #REF!
Name SectionPractice: #REF!
Name Timer: #REF!
Name ToQuestion: #REF!

Sheet About
C2: GMAT CLUB - Contributing to Each Other's Learning
B4: Guide to the Official GMAT Guide 2018 Edition
B5: Use this guide to: - Track your progress through the Official Guide for GMAT Review 2018 edition - To analyze your mistakes in the Official Guide (Error log and Analysis tabs) - To help find specific practice questions and build your custom practice tests that focus on your weak areas Good Luck on the GMAT! GMAT Club

Sheet Diag Q
A1: GMAT Club Guide to The GMAT Official Guide 2018
B2: Difficulty | C2: Percentile | D2: Type | E2: OA | F2: Primary Category | G2: Link
A3: 1 | B3: Medium | C3: 0.45 | D3: PS | E3: A | F3: Arithmetic/Word Problems/Inequalities | G3: http://gmatclub.com/forum/last-month-a-certain-music-club-offered-a-discount-to-134496.html
A4: 2 | B4: Easy | C4: 0.05 | D4: PS | E4: D | F4: Statistics and Sets Problems | G4: http://gmatclub.com/forum/the-average-arithmetic-mean-of-the-integers-from-200-to-134497.html
A5: 3 | B5: Easy | C5: 0.05 | D5: PS | E5: E | F5: Sequences | G5: http://gmatclub.com/forum/the-sequence-a1-a2-a3-an-is-such-that-an-an-134498.html
A6: 4 | B6: Medium | C6: 0.15 | D6: PS | E6: B | F6: Overlapping Sets/Percents and Interest Problems/Probability | G6: http://gmatclub.com/forum/among-a-group-of-2-500-people-35-percent-invest-in-134499.html
A7: 5 | B7: Hard | C7: 0.55 | D7: PS | E7: B | F7: Geometry | G7: http://gmatclub.com/forum/a-closed-cylindrical-tank-contains-36pi-cubic-feet-of-water-134500.html
A8: 6 | B8: Medium | C8: 0.45 | D8: PS | E8: A | F8: Overlapping Sets | G8: http://gmatclub.com/forum/a-marketing-firm-determined-that-of-200-households-surveyed-134890.html
A9: 7 | B9: Very Hard | C9: 0.65 | D9: PS | E9: E | F9: Probability | G9: http://gmatclub.com/forum/a-certain-club-has-10-members-including-harry-one-of-the-134891.html
A10: 8 | B10: Medium | C10: 0.45 | D10: PS | E10: E | F10: Fractions/Ratios/Decimals/Statistics and Sets Problems | G10: http://gmatclub.com/forum/if-a-certain-toy-store-s-revenue-in-november-was-2-5-of-its-134892.html
A11: 9 | B11: Easy | C11: 0.05 | D11: PS | E11: D | F11: Statistics and Sets Problems | G11: http://gmatclub.com/forum/a-researcher-computed-the-mean-the-median-and-the-standard-134893.html
A12: 10 | B12: Hard | C12: 0.75 | D12: PS | E12: C | F12: Geometry | G12: http://gmatclub.com/forum/in-the-figure-shown-what-is-the-value-of-v-x-y-z-w-134894.html
A13: 11 | B13: Very Hard | C13: 0.95 | D13: PS | E13: C | F13: Combinations | G13: http://gmatclub.com/forum/of-the-three-digit-integers-greater-than-700-how-many-have-135188.html
A14: 12 | B14: Easy | C14: 0.15 | D14: PS | E14: C | F14: Percents and Interest Problems | G14: http://gmatclub.com/forum/positive-integer-y-is-50-percent-of-50-percent-of-positive-135189.html
... A50: 48 | B50: Medium | C50: 0.25 | D50: DS | E50: C | F50: Geometry | G50: http://gmatclub.com/forum/if-p-is-the-perimeter-of-rectangle-q-what-is-the-value-of-p-135832.html

Sheet Diag V
A1: GMAT Club Guide to The GMAT Official Guide 2018
A2: Question | B2: Difficulty | C2: Percentile | D2: Type | E2: OA | F2: Primary Category | G2: Discussion
A3: 1 | B3: N/A | D3: RC | E3: E | F3: Business/Short Passage | G3: http://gmatclub.com/forum/according-to-economic-signaling-theory-consumers-may-149974.html
A4: 2 | B4: N/A | D4: RC | E4: C | F4: Business/Short Passage | G4: http://gmatclub.com/forum/according-to-economic-signaling-theory-consumers-may-149974.html
A5: 3 | B5: N/A | D5: RC | E5: B | F5: Business/Short Passage | G5: http://gmatclub.com/forum/according-to-economic-signaling-theory-consumers-may-149974.html
A6: 4 | B6: N/A | D6: RC | E6: A | F6: Business/Short Passage | G6: http://gmatclub.com/forum/according-to-economic-signaling-theory-consumers-may-149974.html
A7: 5 | B7: N/A | D7: RC | E7: D | F7: Business/Short Passage | G7: http://gmatclub.com/forum/according-to-economic-signaling-theory-consumers-may-149974.html
A8: 6 | B8: N/A | D8: RC | E8: C | F8: Science/Long Passage | G8: http://gmatclub.com/forum/the-idea-of-the-brain-as-an-information-processor-a-machine-149975.html
A9: 7 | B9: N/A | D9: RC | E9: A | F9: Science/Long Passage | G9: http://gmatclub.com/forum/the-idea-of-the-brain-as-an-information-processor-a-machine-149975.html
A10: 8 | B10: N/A | D10: RC | E10: A | F10: Science/Long Passage | G10: http://gmatclub.com/forum/the-idea-of-the-brain-as-an-information-processor-a-machine-149975.html
A11: 9 | B11: N/A | D11: RC | E11: B | F11: Science/Long Passage | G11: http://gmatclub.com/forum/the-idea-of-the-brain-as-an-information-processor-a-machine-149975.html
A12: 10 | B12: N/A | D12: RC | E12: A | F12: Science/Long Passage | G12: http://gmatclub.com/forum/the-idea-of-the-brain-as-an-information-processor-a-machine-149975.html
A13: 11 | B13: N/A | D13: RC | E13: B | F13: Science/Long Passage | G13: http://gmatclub.com/forum/the-idea-of-the-brain-as-an-information-processor-a-machine-149975.html
A14: 12 | B14: N/A | D14: RC | E14: D | F14: Social Science/Short Passage | G14: http://gmatclub.com/forum/women-s-grassroots-activism-and-their-vision-of-a-new-civic-87397.html
... A19: 17 | B19: N/A | D19: RC | E19: E | F19: Social Science/Short Passage | G19: http://gmatclub.com/forum/women-s-grassroots-activism-and-their-vision-of-a-new-civic-87397.html
A20: 18 | B20: Easy | C20: 0.05 | D20: CR | E20: B | F20: Weaken | G20: http://gmatclub.com/forum/vasquez-morrell-assurance-specializes-in-insuring-117826.html
A21: 19 | B21: Easy | C21: 0.15 | D21: CR | E21: E | F21: Strengthen | G21: http://gmatclub.com/forum/prolonged-spells-of-hot-dry-weather-at-the-end-of-the-149977.html
A22: 20 | B22: Hard | C22: 0.55 | D22: CR | E22: C | F22: Weaken | G22: http://gmatclub.com/forum/in-the-past-most-children-who-went-sledding-in-the-winter-70538.html
A23: 21 | B23: Medium | C23: 0.45 | D23: CR | E23: A | F23: Evaluate Argument | G23: http://gmatclub.com/forum/metal-rings-recently-excavated-form-seventh-century-20799.html
A24: 22 | B24: Hard | C24: 0.65 | D24: CR | E24: B | F24: Evaluate Argument | G24: http://gmatclub.com/forum/following-several-years-of-declining-advertising-sales-25576.html
A25: 23 | B25: Easy | C25: 0.15 | D25: CR | E25: A | F25: Weaken/Numbers &amp; Percent | G25: http://gmatclub.com/forum/motorists-in-a-certain-country-frequently-complain-that-tra-159494.html
A26: 24 | B26: Medium | C26: 0.25 | D26: CR | E26: C | F26: Must be True | G26: https://gmatclub.com/forum/qotd-the-percentage-of-households-with-an-annual-income-of-more-256664.html
A27: 25 | B27: Very Hard | C27: 0.95 | D27: CR | E27: B | F27: Strengthen | G27: http://gmatclub.com/forum/tiger-beetles-are-such-fast-runners-that-they-can-capture-25607.html
A28: 26 | B28: Hard | C28: 0.65 | D28: CR | E28: D | F28: Argument Evaluation/Weaken | G28: http://gmatclub.com/forum/guillemots-are-birds-of-arctic-regions-they-feed-on-fish-89799.html
A29: 27 | B29: Easy | C29: 0.05 | D29: CR | E29: D | F29: Complete the Passage | G29: http://gmatclub.com/forum/some-batches-of-polio-vaccine-used-around-1960-were-149981.html
A30: 28 | B30: Medium | C30: 0.25 | D30: CR | E30: E | F30: Assumption | G30: http://gmatclub.com/forum/gortland-has-long-been-narrowly-self-sufficient-in-both-grain-and-meat-12544.html
A31: 29 | B31: Easy | C31: 0.05 | D31: CR | E31: E | F31: Evaluate Argument | G31: http://gmatclub.com/forum/the-hazelton-coal-processing-plant-is-a-major-employer-in-116422.html
... A54: 52 | B54: Easy | C54: 0.05 | D54: SC | E54: E | F54: Parallel Structure | G54: http://gmatclub.com/forum/it-will-not-be-possible-to-implicate-melting-sea-ice-in-the-coastal-24529.html

Sheet PS
A1: GMAT Club Guide to The GMAT Official Guide 2018
A2: Question | B2: Difficulty | C2: Percentile | D2: OA | E2: Primary Category | F2: Link
A3: 1 | B3: Easy | C3: 0.05 | D3: E | E3: Arithmetic: Percents | F3: http://gmatclub.com/forum/the-price-of-a-coat-in-a-certain-store-is-500-if-the-price-of-the-co-200102.html
A4: 2 | B4: Easy | C4: 0.05 | D4: D | E4: Arithmetic: Operations with rational numbers | F4: http://gmatclub.com/forum/on-a-vacation-rose-exchanged-500-00-for-euros-at-an-exchange-rate-220271.html
A5: 3 | B5: Easy | C5: 0.05 | D5: E | E5: Arithmetic: Ratio and proportion | F5: https://gmatclub.com/forum/each-of-the-12-squares-shown-is-labeled-x-y-v-or-w-what-is-the-ratio-242754.html | G5: NEW
A6: 4 | B6: Easy | C6: 0.05 | D6: A | E6: Arithmetic: Operations with rational numbers | F6: http://gmatclub.com/forum/1-207120.html
A7: 5 | B7: Easy | C7: 0.05 | D7: B | E7: Arithmetic: Applied problems; Properties of numbers | F7: https://gmatclub.com/forum/bouquets-are-to-be-made-using-white-tulips-and-red-tulips-and-the-rat-242761.html | G7: NEW
A8: 6 | B8: Easy | C8: 0.05 | D8: E | E8: Arithmetic: Percents | F8: https://gmatclub.com/forum/125-of-242762.html | G8: NEW
A9: 7 | B9: Easy | C9: 0.05 | D9: C | E9: Algebra: Applied problems | F9: http://gmatclub.com/forum/today-rebecca-who-is-34-years-old-and-her-daughter-who-is-8-years-207121.html
A10: 8 | B10: Easy | C10: 0.05 | D10: D | E10: Arithmetic: Operations with rational numbers | F10: http://gmatclub.com/forum/when-traveling-at-a-constant-speed-of-32-miles-per-hour-a-certain-mot-220272.html
A11: 9 | B11: Easy | C11: 0.05 | D11: C | E11: Algebra: Simplifying algebraic expressions | F11: http://gmatclub.com/forum/a-case-contains-c-cartons-each-carton-contains-b-boxes-and-136192.html
A12: 10 | B12: Easy | C12: 0.05 | D12: E | E12: Arithmetic: Percents | F12: http://gmatclub.com/forum/a-technician-makes-a-round-trip-to-and-from-a-certain-service-center-b-220273.html
A13: 11 | B13: Medium | C13: 0.25 | D13: A | E13: Arithmetic: Probability | F13: http://gmatclub.com/forum/raffle-tickets-numbered-consecutively-from-101-through-136563.html
A14: 12 | B14: Easy | C14: 0.05 | D14: C | E14: Algebra: First-degree equations | F14: http://gmatclub.com/forum/when-leo-imported-a-certain-item-he-paid-a-7-percent-import-136875.html
A15: 13 | B15: Easy | C15: 0.05 | D15: B | E15: Algebra: First-degree equations | F15: http://gmatclub.com/forum/a-collection-of-16-coins-each-with-a-face-value-of-either-10-cents-or-220274.html
A16: 14 | B16: Easy | C16: 0.05 | D16: B | E16: Arithmetic: Statistics | F16: http://gmatclub.com/forum/the-numbers-of-cars-sold-at-a-certain-dealership-on-six-of-136876.html
A17: 15 | B17: Easy | C17: 0.05 | D17: D | E17: Arithmetic: Percents | F17: http://gmatclub.com/forum/if-it-is-assumed-that-60-percent-of-those-who-receive-a-questionnaire-207122.html
A18: 16 | B18: Easy | C18: 0.05 | D18: E | E18: Algebra: Inequalities | F18: https://gmatclub.com/forum/if-1-x-y-z-which-of-the-following-has-the-greatest-value-242764.html | G18: NEW
A19: 17 | B19: Easy | C19: 0.05 | D19: A | E19: Geometry: Quadrilaterals; Perimeter | F19: http://gmatclub.com/forum/a-rectangular-garden-is-to-be-twice-as-long-as-it-is-wide-136877.html
A20: 18 | B20: Easy | C20: 0.05 | D20: B | E20: Geometry: Area (Rectangles) | F20: http://gmatclub.com/forum/a-rectangular-floor-that-measures-8-meters-by-10-meters-is-to-be-cover-207123.html
A21: 19 | B21: Medium | C21: 0.25 | D21: D | E21: Arithmetic: Properties of numbers | F21: http://gmatclub.com/forum/if-893-78-p-which-of-the-following-is-equal-to-207125.html
A22: 20 | B22: Easy | C22: 0.05 | D22: B | E22: Algebra: Simultaneous first-degree equations | F22: http://gmatclub.com/forum/thabo-owns-exactly-140-books-and-each-book-is-either-paperback-fictio-220275.html
A23: 21 | B23: Easy | C23: 0.05 | D23: C | E23: Arithmetic: Statistics | F23: http://gmatclub.com/forum/if-the-average-arithmetic-mean-of-the-four-numbers-3-15-32-and-n-207126.html
A24: 22 | B24: Easy | C24: 0.05 | D24: D | E24: Geometry: Applied problems | F24: https://gmatclub.com/forum/abdul-barb-and-carlos-all-live-on-the-same-straight-road-on-which-t-242767.html | G24: NEW
A25: 23 | B25: Easy | C25: 0.05 | D25: E | E25: Arithmetic: Applied problems | F25: https://gmatclub.com/forum/during-a-certain-time-period-car-x-traveled-north-along-a-straight-ro-242770.html | G25: NEW
A26: 24 | B26: Easy | C26: 0.05 | D26: C | E26: Algebra: Applied problems; Percents | F26: https://gmatclub.com/forum/cheryl-purchased-5-identical-hollow-pine-doors-and-6-identical-solid-o-242869.html | G26: NEW
A27: 25 | B27: Easy | C27: 0.05 | D27: C | E27: Algebra: Inequalities; Absolute value | F27: http://gmatclub.com/forum/if-y-1-2-11-2-which-of-the-following-could-be-a-value-136878.html
A28: 26 | B28: Easy | C28: 0.05 | D28: C | E28: Geometry: Triangles | F28: https://gmatclub.com/forum/in-the-figure-shown-ac-2-and-bd-dc-1-what-is-the-measure-of-242868.html | G28: NEW
A29: 27 | B29: Easy | C29: 0.05 | D29: E | E29: Algebra: Simplifying algebraic expressions | F29: https://gmatclub.com/forum/if-k-2-m-2-which-of-the-following-must-be-true-207128.html
A30: 28 | B30: Easy | C30: 0.05 | D30: D | E30: Arithmetic: Ratio and proportion | F30: http://gmatclub.com/forum/makoto-nishi-and-ozuro-were-paid-a-total-of-780-for-waxing-the-floo-220277.html
A31: 29 | B31: Easy | C31: 0.05 | D31: B | E31: Geometry: Pythagorean theorem | F31: http://gmatclub.com/forum/the-figure-above-shows-a-path-around-a-triangular-piece-of-land-mary-207129.html
A32: 30 | B32: Easy | C32: 0.05 | D32: C | E32: Arithmetic: Fractions | F32: http://gmatclub.com/forum/at-a-supermarket-john-spent-1-2-of-his-money-on-fresh-fruit-136879.html
A33: 31 | B33: Easy | C33: 0.05 | D33: C | E33: Algebra: Operations with rational numbers | F33: http://gmatclub.com/forum/if-1-1-25-n-1-then-n-207130.html
A34: 32 | B34: Easy | C34: 0.05 | D34: D | E34: Geometry: Volume | F34: http://gmatclub.com/forum/a-carpenter-constructed-a-rectangular-sandbox-with-a-137218.html
A35: 33 | B35: Easy | C35: 0.05 | D35: C | E35: Arithmetic: Operations with rational numbers | F35: https://gmatclub.com/forum/the-quotient-when-a-certain-number-is-divided-by-2-3-is-9-2-what-is-242867.html | G35: NEW
A36: 34 | B36: Easy | C36: 0.05 | D36: A | E36: Geometry: Volume | F36: https://gmatclub.com/forum/if-a-sphere-with-radius-r-is-inscribed-in-a-cube-with-edges-of-length-242866.html | G36: NEW
A37: 35 | B37: Easy | C37: 0.05 | D37: B | E37: Algebra: Simultaneous equations | F37: http://gmatclub.com/forum/if-2x-y-7-and-x-2y-5-then-x-y-207131.html
A38: 36 | B38: Easy | C38: 0.05 | D38: E | E38: Arithmetic: Ratio and proportion | F38: http://gmatclub.com/forum/city-x-has-a-population-4-times-as-great-as-the-population-of-city-y-220278.html
A39: 37 | B39: Easy | C39: 0.05 | D39: E | E39: Arithmetic: Interpretation of graphs and tables | F39: http://gmatclub.com/forum/the-graph-above-shows-the-height-of-the-tide-in-feet-above-or-below-207132.html
A40: 38 | B40: Easy | C40: 0.05 | D40: D | E40: Arithmetic: Applied problems | F40: http://gmatclub.com/forum/a-manufacturer-of-a-certain-product-can-expect-that-between-0-3-percen-207133.html
A41: 39 | B41: Easy | C41: 0.05 | D41: C | E41: Geometry: Area | F41: http://gmatclub.com/forum/a-flat-patio-was-built-alongside-a-house-as-shown-in-the-figure-above-207134.html
A42: 40 | B42: Easy | C42: 0.05 | D42: E | E42: Arithmetic: Applied problems; Percents | F42: https://gmatclub.com/forum/the-sum-of-the-weekly-salaries-of-5-employees-is-3-250-if-each-of-th-242865.html | G42: NEW
A43: 41 | B43: Easy | C43: 0.05 | D43: E | E43: Arithmetic: Statistics | F43: http://gmatclub.com/forum/a-student-s-average-arithmetic-mean-test-score-on-4-tests-137873.html
A44: 42 | B44: Easy | C44: 0.05 | D44: D | E44: Algebra: Applied problems | F44: https://gmatclub.com/forum/last-week-chris-earned-x-dollars-per-hour-for-the-first-40-hours-worke-242864.html | G44: NEW
A45: 43 | B45: Easy | C45: 0.05 | D45: D | E45: Geometry: Angles | F45: http://gmatclub.com/forum/in-the-figure-above-what-is-the-ratio-of-the-measure-of-angle-b-to-207135.html
A46: 44 | B46: Medium | C46: 0.35 | D46: B | E46: Arithmetic: Properties of numbers | F46: http://gmatclub.com/forum/if-n-is-a-prime-number-greater-than-3-what-is-the-remainder-122490.html
A47: 45 | B47: Easy | C47: 0.05 | D47: D | E47: Arithmetic: Operations with rational numbers | F47: http://gmatclub.com/forum/1-137870.html
A48: 46 | B48: Easy | C48: 0.15 | D48: D | E48: Arithmetic: Properties of numbers | F48: http://gmatclub.com/forum/the-positive-two-digit-integers-x-and-y-have-the-same-digits-but-in-207196.html
A49: 47 | B49: Medium | C49: 0.25 | D49: B | E49: Arithmetic: Sequences | F49: http://gmatclub.com/forum/john-has-10-pairs-of-matched-socks-if-he-loses-7-individual-138732.html
A50: 48 | B50: Medium | C50: 0.35 | D50: E | E50: Algebra: Algebraic expressions | F50: http://gmatclub.com/forum/a-total-of-s-oranges-are-to-be-packaged-in-boxes-that-will-hold-r-oran-220279.html
A51: 49 | B51: Easy | C51: 0.05 | D51: B | E51: Algebra: Inequalities | F51: http://gmatclub.com/forum/if-0-a-b-c-which-of-the-following-statements-must-be-true-220280.html
A52: 50 | B52: Easy | C52: 0.05 | D52: E | E52: Algebra: Coordinate geometry | F52: https://gmatclub.com/forum/in-the-xy-plane-the-origin-o-is-the-midpoint-of-line-segment-pq-if-t-242863.html | G52: NEW
A53: 51 | B53: Medium | C53: 0.35 | D53: D | E53: Algebra: Simplifying algebraic expressions | F53: http://gmatclub.com/forum/which-of-the-following-equations-is-not-equivalent-to-10y-138730.html
A54: 52 | B54: Easy | C54: 0.05 | D54: B | E54: Arithmetic: Statistics | F54: http://gmatclub.com/forum/the-table-above-shows-the-number-of-packages-shipped-daily-by-each-of-220477.html
A55: 53 | B55: Easy | C55: 0.05 | D55: A | E55: Algebra: Applied problems | F55: https://gmatclub.com/forum/company-q-plans-to-make-a-new-product-next-year-and-sell-each-unit-of-242862.html | G55: NEW
A56: 54 | B56: Easy | C56: 0.05 | D56: E | E56: Arithmetic: Properties of numbers | F56: http://gmatclub.com/forum/the-dial-shown-above-is-divided-into-equal-sized-intervals-at-which-207198.html
A57: 55 | B57: Easy | C57: 0.05 | D57: D | E57: Arithmetic: Percents | F57: https://gmatclub.com/forum/according-to-the-table-shown-the-estimated-number-of-home-schooled-242861.html | G57: NEW
A58: 56 | B58: Easy | C58: 0.15 | D58: D | E58: Algebra: Coordinate geometry | F58: http://gmatclub.com/forum/the-graph-of-the-equation-xy-k-where-k-0-lies-in-which-two-of-th-207199.html
A59: 57 | B59: Easy | C59: 0.15 | D59: D | E59: Algebra: Applied problems | F59: http://gmatclub.com/forum/when-n-liters-of-fuel-was-added-to-a-tank-that-was-already-130966.html
A60: 58 | B60: Easy | C60: 0.05 | D60: B | E60: Geometry: Area | F60: http://gmatclub.com/forum/the-smaller-rectangle-in-the-figure-above-represents-the-original-size-207200.html
A61: 59 | B61: Easy | C61: 0.05 | D61: A | E61: Arithmetic: Operations with rational numbers | F61: http://gmatclub.com/forum/1-139115.html
A62: 60 | B62: Easy | C62: 0.15 | D62: E | E62: Arithmetic: Applied problems | F62: https://gmatclub.com/forum/kevin-invest ... 42859.html | G62: NEW
A63: 61 | B63: Easy | C63: 0.05 | D63: A | E63: Algebra: Algebraic expressions | F63: http://gmatclub.com/forum/the-harvest-yield-from-a-certain-apple-orchard-was-350-bushels-of-appl-220281.html
A64: 62 | B64: Medium | C64: 0.35 | D64: C | E64: Arithmetic: Properties of integers | F64: http://gmatclub.com/forum/if-n-is-an-integer-which-of-the-following-must-be-even-139118.html
A65: 63 | B65: Easy | C65: 0.05 | D65: B | E65: Arithmetic: Operations with rational numbers | F65: http://gmatclub.com/forum/the-sum-7-8-1-9-is-between-139470.html
A66: 64 | B66: Medium | C66: 0.25 | D66: C | E66: Arithmetic: Applied problems | F66: http://gmatclub.com/forum/car-x-averages-25-0-miles-per-gallon-of-gasoline-and-car-y-139473.html
A67: 65 | B67: Easy | C67: 0.05 | D67: B | E67: Arithmetic: Absolute value; Operations with integers | F67: http://gmatclub.com/forum/if-y-is-an-integer-then-the-least-possible-value-of-139867.html
A68: 66 | B68: Easy | C68: 0.05 | D68: A | E68: Arithmetic: Operations with radical expressions | F68: http://gmatclub.com/forum/root-80-root-139868.html
A69: 67 | B69: Easy | C69: 0.05 | D69: B | E69: Algebra: First-degree equations | F69: http://gmatclub.com/forum/in-the-equation-above-k-is-a-constant-if-y-17-when-x-139870.html
A70: 68 | B70: Very Hard | C70: 0.75 | D70: B | E70: Arithmetic: Operations on radical expressions | F70: https://gmatclub.com/forum/which-of-the-following-is-greatest-242858.html | G70: NEW
A71: 69 | B71: Medium | C71: 0.45 | D71: B | E71: Algebra: Applied problems | F71: https://gmatclub.com/forum/al-and-ben-are-drivers-for-sd-trucking-company-one-snowy-day-ben-lef-242857.html | G71: NEW
A72: 70 | B72: Easy | C72: 0.05 | D72: D | E72: Arithmetic: Applied problems; Percents | F72: http://gmatclub.com/forum/of-the-land-owned-by-a-farmer-90-percent-was-cleared-for-planting-of-207201.html
A73: 71 | B73: Easy | C73: 0.15 | D73: D | E73: Arithmetic: Applied problems; Sequences | F73: http://gmatclub.com/forum/at-the-start-of-an-experiment-a-certain-population-consisted-of-207202.html
A74: 72 | B74: Medium | C74: 0.25 | D74: C | E74: Arithmetic: Operations with rational numbers | F74: https://gmatclub.com/forum/if-1-3-1-4-1-5-1-6-r-1-9-1-12-1-15-1-18-then-r-242855.html | G74: NEW
A75: 73 | B75: Easy | C75: 0.15 | D75: E | E75: Arithmetic: Properties of numbers | F75: http://gmatclub.com/forum/if-x-and-y-are-positive-integers-such-that-y-is-a-multiple-of-5-and-3x-220282.html
A76: 74 | B76: Easy | C76: 0.05 | D76: E | E76: Arithmetic: Operations with radical expressions | F76: http://gmatclub.com/forum/which-of-the-following-expressions-can-be-written-as-an-integer-207224.html
A77: 75 | B77: Easy | C77: 0.15 | D77: D | E77: Arithmetic: Ratio and proportion | F77: http://gmatclub.com/forum/four-staff-members-at-a-certain-company-worked-on-a-project-128243.html
A78: 76 | B78: Easy | C78: 0.15 | D78: B | E78: Arithmetic: Applied problems | F78: http://gmatclub.com/forum/pumping-alone-at-their-respective-constant-rates-one-inlet-pipe-fills-105544.html
A79: 77 | B79: Medium | C79: 0.25 | D79: B | E79: Algebra: Coordinate geometry | F79: http://gmatclub.com/forum/in-the-xy-coordinate-plane-which-of-the-following-points-must-lie-on-207226.html
A80: 78 | B80: Medium | C80: 0.25 | D80: C | E80: Algebra: Inequalities | F80: http://gmatclub.com/forum/if-x-2-2-0-which-of-the-following-specifies-all-the-possible-207227.html
A81: 79 | B81: Medium | C81: 0.35 | D81: B | E81: Arithmetic: Operations with integers | F81: https://gmatclub.com/forum/shawana-made-a-schedule-for-reading-books-during-4-weeks-28-days-of-242853.html | G81: NEW
A82: 80 | B82: Easy | C82: 0.15 | D82: D | E82: Arithmetic: Percents | F82: http://gmatclub.com/forum/in-western-europe-x-bicycles-were-sold-in-each-of-the-years-1990-and-220303.html
A83: 81 | B83: Medium | C83: 0.45 | D83: A | E83: Algebra: Properties of numbers | F83: https://gmatclub.com/forum/if-k-is-a-positive-integer-what-is-the-remainder-when-k-2-k-3-k-242852.html | G83: NEW
A84: 82 | B84: Easy | C84: 0.15 | D84: D | E84: Arithmetic: Fractions | F84: http://gmatclub.com/forum/which-of-the-following-fractions-is-closest-to-220300.html
A85: 83 | B85: Medium | C85: 0.25 | D85: D | E85: Algebra: Simplifying algebraic expressions | F85: http://gmatclub.com/forum/if-p-0-and-p-1-p2-p-r-p-then-r-220301.html
A86: 84 | B86: Easy | C86: 0.05 | D86: D | E86: Arithmetic: Statistics | F86: http://gmatclub.com/forum/if-the-range-of-the-six-numbers-104739.html
A87: 85 | B87: Easy | C87: 0.15 | D87: E | E87: Algebra: First-degree equations | F87: https://gmatclub.com/forum/what-number-is-108-more-than-two-thirds-of-itself-a-72-b-144-c-242850.html | G87: NEW
A88: 86 | B88: Medium | C88: 0.25 | D88: D | E88: Arithmetic: Percents | F88: http://gmatclub.com/forum/a-doctor-prescribed-18-cubic-centimeters-of-a-certain-drug-to-a-patien-220304.html
A89: 87 | B89: Medium | C89: 0.25 | D89: B | E89: Arithmetic: Percents | F89: http://gmatclub.com/forum/company-p-had-15-percent-more-employees-in-december-than-it-140241.html
A90: 88 | B90: Easy | C90: 0.05 | D90: D | E90: Algebra: Functions | F90: http://gmatclub.com/forum/the-function-f-is-defined-by-f-x-x-10-for-215953.html
A91: 89 | B91: Easy | C91: 0.05 | D91: D | E91: Arithmetic: Percents | F91: http://gmatclub.com/forum/a-glass-was-filled-with-10-ounces-of-water-and-0-01-ounce-140242.html
A92: 90 | B92: Easy | C92: 0.15 | D92: D | E92: Arithmetic: Operations with integers | F92: https://gmatclub.com/forum/if-m-and-p-are-positive-integers-and-m-2-p-2-100-what-is-the-242849.html | G92: NEW
A93: 91 | B93: Easy | C93: 0.05 | D93: C | E93: Algebra: Ratio and proportion | F93: http://gmatclub.com/forum/if-x-y-c-d-and-d-c-b-a-which-of-the-following-must-be-true-207308.html
A94: 92 | B94: Medium | C94: 0.35 | D94: E | E94: Arithmetic: Properties of numbers | F94: http://gmatclub.com/forum/if-k-is-an-integer-and-0-0025-0-025-0-00025-10k-is-an-integer-w-207309.html
A95: 93 | B95: Medium | C95: 0.35 | D95: B | E95: Algebra: Second-degree equations | F95: http://gmatclub.com/forum/if-a-a-2-24-and-b-b-2-24-where-a-b-then-a-b-a-207310.html
A96: 94 | B96: Easy | C96: 0.15 | D96: E | E96: Algebra: Percents | F96: http://gmatclub.com/forum/in-a-recent-election-ms-robbins-received-8-000-votes-cast-by-indepen-207311.html
A97: 95 | B97: Easy | C97: 0.15 | D97: E | E97: Geometry: Circles, triangles | F97: http://gmatclub.com/forum/in-the-figure-shown-the-triangle-is-inscribed-in-the-semicircle-if-207312.html
A98: 96 | B98: Easy | C98: 0.05 | D98: E | E98: Arithmetic: Statistics | F98: https://gmatclub.com/forum/a-manufacturer-makes-and-sells-2-products-p-and-q-the-revenue-from-t-242847.html | G98: NEW
A99: 97 | B99: Medium | C99: 0.35 | D99: D | E99: Arithmetic: Applied problems | F99: http://gmatclub.com/forum/on-a-certain-day-orangeade-was-made-by-mixing-a-certain-140244.html
A100: 98 | B100: Medium | C100: 0.25 | D100: B | E100: Arithmetic: Remainders | F100: https://gmatclub.com/forum/a-worker-carries-jugs-of-liquid-soap-from-a-production-line-to-a-packi-242846.html | G100: NEW
...

Sheet DS
A1: GMAT Club Guide to The GMAT Official Guide 2018
A2: Question | B2: Difficulty | C2: Percentile | D2: OA | E2: Primary Category | F2: Link
A3: 231 | B3: Easy | C3: 0.15 | D3: A | E3: Geometry: Angles | F3: http://gmatclub.com/forum/in-the-figure-above-point-d-is-on-ac-what-is-the-degree-measure-of-220480.html
A4: 232 | B4: Easy | C4: 0.05 | D4: C | E4: Algebra: Simultaneous equations | F4: http://gmatclub.com/forum/a-citrus-fruit-grower-receives-15-for-each-crate-of-oranges-136567.html
A5: 233 | B5: Easy | C5: 0.05 | D5: C | E5: Arithmetic: Ratios | F5: https://gmatclub.com/forum/a-certain-mixture-of-paint-requires-blue-yellow-and-red-paints-in-243443.html | G5: NEW
A6: 234 | B6: Easy | C6: 0.05 | D6: A | E6: Arithmetic: Operations with rational numbers | F6: http://gmatclub.com/forum/if-pat-saved-600-of-his-earnings-last-month-how-much-did-136568.html
A7: 235 | B7: Easy | C7: 0.05 | D7: C | E7: Geometry: Simple coordinate geometry | F7: http://gmatclub.com/forum/in-the-xy-plane-above-is-angle-qpr-a-right-angle-136880.html
A8: 236 | B8: Easy | C8: 0.05 | D8: C | E8: Arithmetic: Probability | F8: http://gmatclub.com/forum/each-of-the-marbles-in-a-jar-is-either-red-or-white-or-blue-if-one-ma-205775.html
A9: 237 | B9: Easy | C9: 0.05 | D9: C | E9: Geometry: Triangles; Pythagorean theorem | F9: http://gmatclub.com/forum/in-the-figure-above-what-is-the-value-of-z-222252.html
A10: 238 | B10: Easy | C10: 0.05 | D10: B | E10: Arithmetic: Work Problem | F10: http://gmatclub.com/forum/water-is-pumped-into-a-partially-filled-tank-at-a-constant-136881.html
A11: 239 | B11: Easy | C11: 0.05 | D11: D | E11: Arithmetic: Percents | F11: http://gmatclub.com/forum/what-is-the-value-of-10-percent-of-y-205776.html
A12: 240 | B12: Easy | C12: 0.05 | D12: D | E12: Arithmetic: Operations with radical expressions | F12: http://gmatclub.com/forum/what-is-the-cube-root-of-w-136884.html
A13: 241 | B13: Easy | C13: 0.05 | D13: C | E13: Arithmetic: Sequences | F13: http://gmatclub.com/forum/if-sequence-s-has-120-terms-what-is-the-105th-term-of-s-205777.html
A14: 242 | B14: Easy | C14: 0.05 | D14: D | E14: Arithmetic: Sequences and series | F14: http://gmatclub.com/forum/the-number-of-seats-in-the-first-row-of-an-auditorium-is-137223.html
A15: 243 | B15: Easy | C15: 0.05 | D15: C | E15: Arithmetic: Exponents | F15: http://gmatclub.com/forum/if-u-0-and-v-0-which-is-greater-u-v-or-v-u-220412.html
A16: 244 | B16: Easy | C16: 0.05 | D16: E | E16: Arithmetic: Statistics | F16: http://gmatclub.com/forum/what-was-the-range-of-the-selling-prices-of-the-30-wallets-sold-by-a-64383.html
A17: 245 | B17: Easy | C17: 0.05 | D17: E | E17: Algebra: Simultaneous equations | F17: http://gmatclub.com/forum/three-houses-are-being-sold-through-a-real-estate-agent-205778.html
... A29: 257 | B29: Easy | C29: 0.05 | D29: A | E29: Arithmetic: Sequences and series | F29: http://gmatclub.com/forum/if-the-sequence-s-has-300-terms-what-is-the-293rd-term-of-s-137542.html
A30: 258 | B30: Easy | C30: 0.15 | D30: C | E30: Arithmetic: Operations with integers | F30: https://gmatclub.com/forum/if-a-is-a-3-digit-integer-and-b-is-a-3-digit-integer-is-the-units-243444.html | G30: NEW
A31: 259 | B31: Easy | C31: 0.15 | D31: C | E31: Arithmetic: Applied problems; Percents | F31: http://gmatclub.com/forum/in-each-of-the-last-five-years-company-k-donated-p-percent-of-its-220415.html
A32: 260 | B32: Easy | C32: 0.05 | D32: E | E32: Geometry: triangles; Area | F32: https://gmatclub.com/forum/is-the-area-of-the-triangular-region-above-less-than-243445.html | G32: NEW
A33: 261 | B33: Easy | C33: 0.05 | D33: B | E33: Geometry: Lines and segments | F33: http://gmatclub.com/forum/a-b-c-and-d-are-points-on-a-line-if-c-is-the-midpoint-of-line-segm-220333.html
A34: 262 | B34: Easy | C34: 0.15 | D34: C | E34: Arithmetic: Order | F34: https://gmatclub.com/forum/the-people-in-a-line-waiting-to-buy-tickets-to-a-show-are-standing-one-243447.html | G34: NEW
A35: 263 | B35: Easy | C35: 0.15 | D35: D | E35: Geometry: Circles; Area | F35: http://gmatclub.com/forum/square-abcd-is-inscribed-in-circle-o-what-is-the-area-of-square-regio-207478.html
A36: 264 | B36: Easy | C36: 0.15 | D36: E | E36: Geometry: Coordinate geometry | F36: http://gmatclub.com/forum/lines-k-and-m-are-parallel-to-each-other-is-the-slope-of-100447.html
A37: 265 | B37: Easy | C37: 0.05 | D37: C | E37: Geometry: Circles; Pythagorean theorem | F37: http://gmatclub.com/forum/in-cross-section-a-tunnel-that-carries-one-lane-of-one-way-traffic-is-220416.html
A38: 266 | B38: Easy | C38: 0.05 | D38: E | E38: Arithmetic: Sets | F38: https://gmatclub.com/forum/in-a-certain-group-of-50-people-how-many-are-doctors-who-have-a-law-243448.html | G38: NEW
A39: 267 | B39: Easy | C39: 0.05 | D39: C | E39: Arithmetic: Sets | F39: https://gmatclub.com/forum/of-a-group-of-50-households-how-many-have-at-least-one-cat-or-at-243449.html | G39: NEW
A40: 268 | B40: Easy | C40: 0.15 | D40: E | E40: Algebra: Applied problems | F40: http://gmatclub.com/forum/on-a-certain-date-hannah-invested-5-000-at-x-percent-137543.html
A41: 269 | B41: Easy | C41: 0.05 | D41: B | E41: Arithmetic: Percents | F41: http://gmatclub.com/forum/do-at-least-60-percent-of-the-students-in-pat-s-class-walk-to-school-207479.html
A42: 270 | B42: Easy | C42: 0.05 | D42: B | E42: Arithmetic: Arithmetic operations; Proportions | F42: http://gmatclub.com/forum/the-profit-from-the-sale-of-a-certain-appliance-increases-137874.html
A43: 271 | B43: Medium | C43: 0.25 | D43: D | E43: Arithmetic: Properties of numbers | F43: http://gmatclub.com/forum/if-n-is-an-integer-is-n-even-137875.html
A44: 272 | B44: Easy | C44: 0.05 | D44: D | E44: Arithmetic: Operations with rational numbers | F44: http://gmatclub.com/forum/carmen-currently-works-30-hours-per-week-at-her-part-time-137876.html
A45: 273 | B45: Easy | C45: 0.15 | D45: B | E45: Arithmetic: Applied problems | F45: https://gmatclub.com/forum/a-certain-plumber-charges-92-for-each-job-completed-in-4-hours-or-243451.html | G45: NEW
A46: 274 | B46: Medium | C46: 0.15 | D46: B | E46: Algebra: Inequalities | F46: https://gmatclub.com/forum/if-x-and-y-are-positive-numbers-is-x-1-y-1-x-y-243452.html | G46: NEW
A47: 275 | B47: Medium | C47: 0.35 | D47: D | E47: Arithmetic: Inequalities | F47: http://gmatclub.com/forum/if-a-and-b-are-positive-integers-is-a-b-207480.html
A48: 276 | B48: Easy | C48: 0.15 | D48: E | E48: Arithmetic: Sets | F48: https://gmatclub.com/forum/every-object-in-a-box-is-either-a-sphere-or-a-cube-and-every-object-243453.html | G48: NEW
A49: 277 | B49: Easy | C49: 0.05 | D49: D | E49: Arithmetic: Properties of numbers | F49: https://gmatclub.com/forum/every-object-in-a-box-is-either-a-sphere-or-a-cube-and-every-object-243453.html | G49: NEW
A50: 278 | B50: Easy | C50: 0.15 | D50: D | E50: Arithmetic: Properties of numbers | F50: https://gmatclub.com/forum/if-a-and-b-are-integers-is-a-b-3-an-odd-integer-243455.html | G50: NEW
A51: 279 | B51: Easy | C51: 0.15 | D51: C | E51: Algebra: Operations with radicals | F51: http://gmatclub.com/forum/if-x-and-y-are-positive-integers-what-is-the-value-of-x-1-2-y-207481.html
A52: 280 | B52: Medium | C52: 0.45 | D52: D | E52: Algebra: Applied problems | F52: http://gmatclub.com/forum/a-certain-truck-uses-1-12-kv-2-gallons-of-fuel-per-mile-when-its-spee-205785.html
A53: 281 | B53: Easy | C53: 0.15 | D53: D | E53: Algebra: Simplifying algebraic expressions | F53: http://gmatclub.com/forum/if-x-2t-and-y-t-3-what-is-the-value-of-x-2-y-207645.html
A54: 282 | B54: Very Hard | C54: 0.95 | D54: B | E54: Arithmetic: Statistics | F54: https://gmatclub.com/forum/last-school-year-each-of-the-200-students-at-a-certain-high-school-at-243456.html | G54: NEW
A55: 283 | B55: Medium | C55: 0.35 | D55: C | E55: Arithmetic: Applied problems | F55: http://gmatclub.com/forum/a-clothing-manufacturer-makes-jackets-that-are-wool-or-cotton-or-a-co-220334.html
A56: 284 | B56: Easy | C56: 0.05 | D56: E | E56: Arithmetic: Applied problems | F56: https://gmatclub.com/forum/each-month-jim-receives-a-base-salary-plus-a-10-percent-commission-on-243457.html | G56: NEW
A57: 285 | B57: Medium | C57: 0.45 | D57: A | E57: Arithmetic: Properties of numbers | F57: http://gmatclub.com/forum/if-x-is-a-positive-integer-greater-than-1-what-is-the-value-of-x-222257.html
A58: 286 | B58: Medium | C58: 0.25 | D58: A | E58: Arithmetic: Percents | F58: http://gmatclub.com/forum/by-what-percent-was-the-price-of-a-certain-television-set-discounted-207646.html
A59: 287 | B59: Medium | C59: 0.25 | D59: C | E59: Geometry: Applied problems; Circles | F59: https://gmatclub.com/forum/jack-wants-to-use-a-circular-rug-on-his-rectangular-office-floor-to-co-243305.html | G59: NEW
A60: 288 | B60: Medium | C60: 0.25 | D60: E | E60: Arithmetic: Properties of numbers | F60: https://gmatclub.com/forum/in-the-multiplication-table-above-each-letter-represents-an-integer-243304.html | G60: NEW
A61: 289 | B61: Medium | C61: 0.35 | D61: E | E61: Arithmetic: Exponents | F61: http://gmatclub.com/forum/if-n-is-an-integer-is-0-1-n-greater-than-10-n-207647.html
A62: 290 | B62: Medium | C62: 0.25 | D62: B | E62: Algebra: Simultaneous equations | F62: http://gmatclub.com/forum/for-a-basic-monthly-fee-of-f-yen-noak-s-221747.html
A63: 291 | B63: Easy | C63: 0.15 | D63: B | E63: Algebra: Inequalities | F63: http://gmatclub.com/forum/the-weights-of-all-dishes-of-type-x-are-exactly-the-same-138299.html
A64: 292 | B64: Hard | C64: 0.55 | D64: C | E64: Arithmetic: Properties of numbers | F64: https://gmatclub.com/forum/if-r-and-t-are-three-digit-positive-integers-is-r-greater-than-t-243303.html | G64: NEW
A65: 293 | B65: Medium | C65: 0.25 | D65: C | E65: Arithmetic: Properties of numbers | F65: https://gmatclub.com/forum/is-the-product-of-two-positive-integers-x-and-y-divisible-by-the-sum-o-243302.html | G65: NEW
A66: 294 | B66: Hard | C66: 0.65 | D66: E | E66: Algebra: Simultaneous equations | F66: http://gmatclub.com/forum/a-certain-high-school-with-a-total-enrollment-of-900-student-138300.html
A67: 295 | B67: Medium | C67: 0.45 | D67: A | E67: Arithmetic: Applied problems; Percents | F67: http://gmatclub.com/forum/the-average-arithmetic-mean-price-of-the-3-items-that-kate-138735.html
A68: 296 | B68: Medium | C68: 0.35 | D68: E | E68: Arithmetic: Applied problems | F68: http://gmatclub.com/forum/a-company-makes-and-sells-two-products-p-and-q-the-costs-per-unit-of-207648.html
A69: 297 | B69: Easy | C69: 0.05 | D69: C | E69: Arithmetic: Probability | F69: http://gmatclub.com/forum/jill-has-applied-for-a-job-with-each-of-two-different-companies-what-220335.html
A70: 298 | B70: Easy | C70: 0.05 | D70: B | E70: Arithmetic: Statistics | F70: http://gmatclub.com/forum/a-scientist-recorded-the-number-of-eggs-in-each-of-10-birds-138736.html
A71: 299 | B71: Medium | C71: 0.25 | D71: A | E71: Arithmetic: Applied problems | F71: http://gmatclub.com/forum/a-conveyor-belt-moves-bottles-at-a-constant-speed-of-120-centimeters-207649.html
A72: 300 | B72: Medium | C72: 0.25 | D72: E | E72: Algebra: Statistics; Simplifying algebraic expressions | F72: https://gmatclub.com/forum/if-x-y-and-z-are-positive-numbers-what-is-the-value-of-the-average-ar-243301.html | G72: NEW
A73: 301 | B73: Easy | C73: 0.05 | D73: E | E73: Geometry: Rectangles; Perimeter | F73: http://gmatclub.com/forum/the-rectangular-rug-shown-in-the-figure-above-has-an-accent-border-207650.html
A74: 302 | B74: Easy | C74: 0.05 | D74: E | E74: Arithmetic: Probability | F74: http://gmatclub.com/forum/terry-holds-12-cards-each-of-which-is-red-white-green-or-138737.html
A75: 303 | B75: Medium | C75: 0.25 | D75: E | E75: Algebra: Simplifying algebraic expressions | F75: http://gmatclub.com/forum/if-y-2xz-what-is-the-value-of-2xz-yz-2xz-y-220336.html
A76: 304 | B76: Medium | C76: 0.45 | D76: D | E76: Geometry: Angles | F76: http://gmatclub.com/forum/in-the-parallelogram-shown-what-is-the-value-of-x-207651.html
A77: 305 | B77: Medium | C77: 0.25 | D77: E | E77: Algebra: Sets | F77: http://gmatclub.com/forum/in-a-product-test-of-a-common-cold-remedy-x-percent-of-the-patients-220418.html
A78: 306 | B78: Medium | C78: 0.25 | D78: B | E78: Algebra: Inequalities | F78: https://gmatclub.com/forum/is-x-243300.html | G78: NEW
A79: 307 | B79: Medium | C79: 0.45 | D79: C | E79: Algebra: Properties of numbers | F79: http://gmatclub.com/forum/is-4-x-y-139120.html
A80: 308 | B80: Hard | C80: 0.55 | D80: E | E80: Arithmetic: Properties of numbers | F80: http://gmatclub.com/forum/is-zp-negative-207652.html
A81: 309 | B81: Easy | C81: 0.05 | D81: E | E81: Arithmetic: Computation with integers | F81: http://gmatclub.com/forum/in-each-game-of-a-certain-tournament-a-contestant-either-loses-3-poin-220419.html
A82: 310 | B82: Medium | C82: 0.25 | D82: D | E82: Algebra: Applied problems | F82: http://gmatclub.com/forum/at-the-beginning-of-the-year-the-finance-committee-and-the-planning-c-207653.html
A83: 311 | B83: Medium | C83: 0.25 | D83: E | E83: Geometry: Area | F83: http://gmatclub.com/forum/can-a-certain-rectangular-sheet-of-glass-be-positioned-on-a-139121.html
A84: 312 | B84: Hard | C84: 0.65 | D84: D | E84: Algebra: First-degree equations | F84: http://gmatclub.com/forum/in-a-random-sample-of-80-adults-how-many-are-college-139123.html
A85: 313 | B85: Hard | C85: 0.55 | D85: A | E85: Arithmetic: Applied problems; Percents | F85: https://gmatclub.com/forum/max-purchased-a-guitar-for-a-total-of-624-which-consisted-of-the-pric-243299.html | G85: NEW
A86: 314 | B86: Easy | C86: 0.15 | D86: C | E86: Arithmetic: Properties of numbers | F86: http://gmatclub.com/forum/what-is-the-sum-of-a-certain-pair-of-consecutive-odd-integers-207654.html
A87: 315 | B87: Very Hard | C87: 0.75 | D87: B | E87: Algebra: Inequalities | F87: http://gmatclub.com/forum/if-a-x-b-and-c-y-d-is-x-y-129764.html
A88: 316 | B88: Hard | C88: 0.55 | D88: C | E88: Algebra: Sets | F88: http://gmatclub.com/forum/how-many-people-are-directors-of-both-company-k-and-company-139479.html
A89: 317 | B89: Easy | C89: 0.05 | D89: D | E89: Arithmetic: Properties of numbers | F89: http://gmatclub.com/forum/the-sum-of-4-different-odd-integers-is-64-what-is-the-value-of-the-222057.html
A90: 318 | B90: Medium | C90: 0.25 | D90: C | E90: Arithmetic: Inequalities | F90: http://gmatclub.com/forum/was-the-number-of-books-sold-at-bookstore-x-last-week-greater-than-the-220423.html
A91: 319 | B91: Easy | C91: 0.15 | D91: C | E91: Arithmetic: Applied problems; Percents | F91: http://gmatclub.com/forum/from-may-1-to-may-30-in-the-same-year-the-balance-in-a-104269.html
A92: 320 | B92: Hard | C92: 0.65 | D92: D | E92: Algebra: Inequalities | F92: http://gmatclub.com/forum/if-x-and-y-are-positive-is-x-10-y-139873.html
A93: 321 | B93: Hard | C93: 0.65 | D93: E | E93: Arithmetic: Applied problems; Percents | F93: http://gmatclub.com/forum/a-merchant-discounted-the-sale-price-of-a-coat-and-the-sale-price-of-a-207699.html
A94: 322 | B94: Easy | C94: 0.15 | D94: C | E94: Arithmetic: Applied problems | F94: http://gmatclub.com/forum/a-taxi-company-charges-f-cents-for-the-first-mile-of-the-139875.html
A95: 323 | B95: Medium | C95: 0.25 | D95: D | E95: Algebra: Computation with integers | F95: http://gmatclub.com/forum/if-the-positive-integer-n-is-added-to-each-of-the-integers-69-94-and-220424.html
A96: 324 | B96: Medium | C96: 0.25 | D96: E | E96: Arithmetic: Percents | F96: http://gmatclub.com/forum/guy-s-net-income-equals-his-gross-income-minus-his-deduction-139876.html
A97: 325 | B97: Medium | C97: 0.35 | D97: E | E97: Algebra: Ratios | F97: http://gmatclub.com/forum/if-the-ratio-of-the-number-of-teachers-to-the-number-of-143680.html
A98: 326 | B98: Medium | C98: 0.25 | D98: D | E98: Arithmetic: Applied problems | F98: https://gmatclub.com/forum/for-a-certai ... 43199.html | G98: NEW
A99: 327 | B99: Medium | C99: 0.45 | D99: E | E99: Arithmetic: Computation with integers | F99: http://gmatclub.com/forum/each-gift-certificate-sold-yesterday-by-a-certain-bookstore-140246.html
A100: 328 | B100: Easy | C100: 0.15 | D100: A | E100: Arithmetic: Properties of numbers | F100: http://gmatclub.com/forum/what-is-the-tens-digit-of-positive-integer-x-140248.html
A101: 329 | B101: Medium | C101: 0.45 | D101: C | E101: Arithmetic: Properties of integers | F101: http://gmatclub.com/forum/three-dice-each-of-which-has-its-6-sides-numbered-1-through-6-are-to-220425.html
A102: 330 | B102: Medium | C102: 0.35 | D102: C | E102: Arithmetic: Number line | F102: http://gmatclub.com/forum/on-the-number-line-point-r-has-coordinate-r-and-point-t-has-coordinat-220426.html
A103: 331 | B103: Hard | C103: 0.55 | D103: C | E103: Arithmetic: Elementary combinatorics | F103: http://gmatclub.com/forum/s-is-a-set-of-points-in-the-plane-how-many-distinct-triangles-can-be-61337.html
A104: 332 | B104: Very Hard | C104: 0.75 | D104: C | E104: Arithmetic: Percents | F104: http://gmatclub.com/forum/stores-land-m-each-sell-a-certain-product-at-a-different-140735.html
A105: 333 | B105: Hard | C105: 0.65 | D105: B | E105: Arithmetic: Rounding; Estimating | F105: http://gmatclub.com/forum/if-d-denotes-a-decimal-is-d-140736.html
A106: 334 | B106: Easy | C106: 0.05 | D106: D | E106: Arithmetic: Properties of numbers | F106: https://gmatclub.com/forum/in-the-two-digit-integers-3-box-and-2-bigtriangleup-the-243196.html | G106: NEW
A107: 335 | B107: Hard | C107: 0.55 | D107: A | E107: Algebra: Order | F107: http://gmatclub.com/forum/two-points-n-and-q-not-shown-lie-to-the-right-of-point-m-on-line-207700.html
A108: 336 | B108: Medium | C108: 0.35 | D108: B | E108: Arithmetic: Applied problems | F108: http://gmatclub.com/forum/did-the-sum-of-the-prices-of-three-shirts-exceed-207701.html
A109: 337 | B109: Very Hard | C109: 0.75 | D109: C | E109: Arithmetic: Computation with integers | F109: http://gmatclub.com/forum/what-is-the-total-number-of-coins-that-bert-and-claire-have-140738.html
A110: 338 | B110: Medium | C110: 0.35 | D110: A | E110: Algebra: Applied problems | F110: http://gmatclub.com/forum/a-telephone-station-has-x-processors-each-of-which-can-process-a-maxi-207702.html
A111: 339 | B111: Medium | C111: 0.45 | D111: B | E111: Algebra: Applied problems | F111: https://gmatclub.com/forum/kim-and-sue-each-bought-some-roses-and-some-daisies-at-the-prices-show-243192.html | G111: NEW
...

Sheet RC
A1: GMAT Club Guide to The GMAT Official Guide 2018
A2: Passage | B2: Question | C2: Difficulty | D2: Percentile | E2: OA | F2: Primary Category | G2: Link
B3: 405 | C3: N/A | E3: B | F3: Science/Short Passage | G3: http://gmatclub.com/forum/biologists-have-advanced-two-theories-to-explain-137038.html
B4: =B3+1 -> 406 | C4: N/A | E4: B | F4: Science/Short Passage | G4: http://gmatclub.com/forum/biologists-have-advanced-two-theories-to-explain-137038.html
B5: =B4+1 -> 407 | C5: N/A | E5: D | F5: Science/Short Passage | G5: http://gmatclub.com/forum/biologists-have-advanced-two-theories-to-explain-137038.html
B6: =B5+1 -> 408 | C6: N/A | E6: A | F6: Science/Short Passage | G6: http://gmatclub.com/forum/biologists-have-advanced-two-theories-to-explain-137038.html
B7: =B6+1 -> 409 | C7: N/A | E7: D | F7: Science/Short Passage | G7: http://gmatclub.com/forum/scientist-long-believed-that-two-nerve-cluster-in-the-human-hypothalam-203724.html
B8: =B7+1 -> 410 | C8: N/A | E8: D | F8: Science/Short Passage | G8: http://gmatclub.com/forum/scientist-long-believed-that-two-nerve-cluster-in-the-human-hypothalam-203724.html
B9: =B8+1 -> 411 | C9: N/A | E9: B | F9: Science/Short Passage | G9: http://gmatclub.com/forum/scientist-long-believed-that-two-nerve-cluster-in-the-human-hypothalam-203724.html
B10: =B9+1 -> 412 | C10: N/A | E10: B | F10: Science/Short Passage | G10: https://gmatclub.com/forum/in-their-study-of-whether-offering-a-guarantee-of-service-quality-will-242450.html | H10: NEW
B11: =B10+1 -> 413 | C11: N/A | E11: C | F11: Science/Short Passage | G11: https://gmatclub.com/forum/in-their-study-of-whether-offering-a-guarantee-of-service-quality-will-242450.html | H11: NEW
B12: =B11+1 -> 414 | C12: N/A | E12: C | F12: Science/Short Passage | G12: https://gmatclub.com/forum/in-their-study-of-whether-offering-a-guarantee-of-service-quality-will-242450.html | H12: NEW
B13: =B12+1 -> 415 | C13: N/A | E13: D | F13: Business/Short Passage | G13: https://gmatclub.com/forum/the-argument-for-monetizing-or-putting-a-monetary-value-on-ecosystem-242589.html | H13: NEW
B14: =B13+1 -> 416 | C14: N/A | E14: C | F14: Business/Short Passage | G14: https://gmatclub.com/forum/the-argument-for-monetizing-or-putting-a-monetary-value-on-ecosystem-242589.html | H14: NEW
B15: =B14+1 -> 417 | C15: N/A | E15: A | F15: Business/Short Passage | G15: https://gmatclub.com/forum/the-argument-for-monetizing-or-putting-a-monetary-value-on-ecosystem-242589.html | H15: NEW
B16: =B15+1 -> 418 | C16: N/A | E16: C | F16: Business/Short Passage | G16: https://gmatclub.com/forum/the-argument-for-monetizing-or-putting-a-monetary-value-on-ecosystem-242589.html | H16: NEW
B17: =B16+1 -> 419 | C17: N/A | E17: C | F17: Business/Short Passage | G17: https://gmatclub.com/forum/much-research-has-been-devoted-to-investigating-what-motivates-consu-222701.html
B18: =B17+1 -> 420 | C18: N/A | E18: C | F18: Business/Short Passage | G18: https://gmatclub.com/forum/much-research-has-been-devoted-to-investigating-what-motivates-consu-222701.html
B19: =B18+1 -> 421 | C19: N/A | E19: E | F19: Business/Short Passage | G19: https://gmatclub.com/forum/much-research-has-been-devoted-to-investigating-what-motivates-consu-222701.html
B20: =B19+1 -> 422 | C20: N/A | E20: A | F20: Business/Short Passage | G20: https://gmatclub.com/forum/much-research-has-been-devoted-to-investigating-what-motivates-consu-222701.html
B21: =B20+1 -> 423 | C21: N/A | E21: C | F21: Humanities/Short Passage | G21: https://gmatclub.com/forum/historians-remain-divided-over-the-role-of-banks-in-facilitating-eco-222700.html
B22: =B21+1 -> 424 | C22: N/A | E22: B | F22: Humanities/Short Passage | G22: https://gmatclub.com/forum/historians-remain-divided-over-the-role-of-banks-in-facilitating-eco-222700.html
B23: =B22+1 -> 425 | C23: N/A | E23: B | F23: Humanities/Short Passage | G23: https://gmatclub.com/forum/historians-remain-divided-over-the-role-of-banks-in-facilitating-eco-222700.html
B24: =B23+1 -> 426 | C24: N/A | E24: A | F24: Humanities/Short Passage | G24: https://gmatclub.com/forum/historians-remain-divided-over-the-role-of-banks-in-facilitating-eco-222700.html
B25: =B24+1 -> 427 | C25: N/A | E25: D | F25: Humanities/Short Passage | G25: https://gmatclub.com/forum/historians-remain-divided-over-the-role-of-banks-in-facilitating-eco-222700.html
B26: =B25+1 -> 428 | C26: N/A | E26: E | F26: Science/Short Passage | G26: http://gmatclub.com/forum/io-and-europa-the-inner-two-of-jupiter-s-four-largest-137036.html
B27: =B26+1 -> 429 | C27: N/A | E27: A | F27: Science/Short Passage | G27: http://gmatclub.com/forum/io-and-europa-the-inner-two-of-jupiter-s-four-largest-137036.html
B28: =B27+1 -> 430 | C28: N/A | E28: A | F28: Science/Short Passage | G28: http://gmatclub.com/forum/io-and-europa-the-inner-two-of-jupiter-s-four-largest-137036.html
... B36: =B35+1 -> 438 | C36: N/A | E36: B | F36: Humanities/Short Passage | G36: https://gmatclub.com/forum/when-jamaican-born-social-activist-marcus-garvey-came-to-the-136802.html
B37: =B36+1 -> 439 | C37: N/A | E37: C | F37: Science/Long Passage | G37: https://gmatclub.com/forum/in-the-sonoran-desert-of-northwestern-mexico-and-southern-arizona-t-242586.html | H37: NEW
B38: =B37+1 -> 440 | C38: N/A | E38: B | F38: Science/Long Passage | G38: https://gmatclub.com/forum/in-the-sonoran-desert-of-northwestern-mexico-and-southern-arizona-t-242586.html | H38: NEW
B39: =B38+1 -> 441 | C39: N/A | E39: E | F39: Science/Long Passage | G39: https://gmatclub.com/forum/in-the-sonoran-desert-of-northwestern-mexico-and-southern-arizona-t-242586.html | H39: NEW
B40: =B39+1 -> 442 | C40: N/A | E40: B | F40: Science/Long Passage | G40: https://gmatclub.com/forum/in-terrestrial-environments-gravity-places-special-demands-137034.html
B41: =B40+1 -> 443 | C41: N/A | E41: B | F41: Science/Long Passage | G41: https://gmatclub.com/forum/in-terrestrial-environments-gravity-places-special-demands-137034.html
B42: =B41+1 -> 444 | C42: N/A | E42: B | F42: Science/Long Passage | G42: https://gmatclub.com/forum/in-terrestrial-environments-gravity-places-special-demands-137034.html
B43: =B42+1 -> 445 | C43: N/A | E43: A | F43: Science/Long Passage | G43: https://gmatclub.com/forum/in-terrestrial-environments-gravity-places-special-demands-137034.html
B44: =B43+1 -> 446 | C44: N/A | E44: D | F44: Science/Long Passage | G44: https://gmatclub.com/forum/in-terrestrial-environments-gravity-places-special-demands-137034.html
B45: =B44+1 -> 447 | C45: N/A | E45: E | F45: Science/Long Passage | G45: https://gmatclub.com/forum/in-terrestrial-environments-gravity-places-special-demands-137034.html
B46: =B45+1 -> 448 | C46: N/A | E46: D | F46: Science/Long Passage | G46: https://gmatclub.com/forum/in-terrestrial-environments-gravity-places-special-demands-137034.html
B47: =B46+1 -> 449 | C47: N/A | E47: A | F47: Science/Long Passage | G47: https://gmatclub.com/forum/in-terrestrial-environments-gravity-places-special-demands-137034.html
B48: =B47+1 -> 450 | C48: N/A | E48: C | F48: Humanities/Short Passage | G48: https://gmatclub.com/forum/current-feminist-theory-in-validating-women-s-own-stories-of-their-137664.html
B49: =B48+1 -> 451 | C49: N/A | E49: B | F49: Humanities/Short Passage | G49: https://gmatclub.com/forum/current-feminist-theory-in-validating-women-s-own-stories-of-their-137664.html
B50: =B49+1 -> 452 | C50: N/A | E50: D | F50: Humanities/Short Passage | G50: https://gmatclub.com/forum/current-feminist-theory-in-validating-women-s-own-stories-of-their-137664.html
B51: =B50+1 -> 453 | C51: N/A | E51: B | F51: Humanities/Short Passage | G51: https://gmatclub.com/forum/current-feminist-theory-in-validating-women-s-own-stories-of-their-137664.html
... B64: =B63+1 -> 466 | C64: N/A | E64: C | F64: Science/Long Passage | G64: https://gmatclub.com/forum/a-small-number-of-the-forest-species-of-lepidoptera-76035.html
B65: =B64+1 -> 467 | C65: N/A | E65: A | F65: Science/Short Passage | G65: https://gmatclub.com/forum/resin-is-a-plant-secretion-that-hardens-when-exposed-to-air-fossilize-242509.html | H65: NEW
B66: =B65+1 -> 468 | C66: N/A | E66: E | F66: Science/Short Passage | G66: https://gmatclub.com/forum/resin-is-a-plant-secretion-that-hardens-when-exposed-to-air-fossilize-242509.html | H66: NEW
B67: =B66+1 -> 469 | C67: N/A | E67: A | F67: Science/Short Passage | G67: https://gmatclub.com/forum/resin-is-a-plant-secretion-that-hardens-when-exposed-to-air-fossilize-242509.html | H67: NEW
B68: =B67+1 -> 470 | C68: N/A | E68: D | F68: Science/Short Passage | G68: https://gmatclub.com/forum/resin-is-a-plant-secretion-that-hardens-when-exposed-to-air-fossilize-242509.html | H68: NEW
B69: =B68+1 -> 471 | C69: N/A | E69: D | F69: Business/Short Passage | G69: https://gmatclub.com/forum/during-the-1980s-many-economic-historians-studying-latin-america-fo-222699.html
B70: =B69+1 -> 472 | C70: N/A | E70: D | F70: Business/Short Passage | G70: https://gmatclub.com/forum/during-the-1980s-many-economic-historians-studying-latin-america-fo-222699.html
B71: =B70+1 -> 473 | C71: N/A | E71: B | F71: Business/Short Passage | G71: https://gmatclub.com/forum/during-the-1980s-many-economic-historians-studying-latin-america-fo-222699.html
B72: =B71+1 -> 474 | C72: N/A | E72: B | F72: Business/Short Passage | G72: https://gmatclub.com/forum/among-the-myths-taken-as-fact-by-the-environmental-managers-132290.html
B73: =B72+1 -> 475 | C73: N/A | E73: C | F73: Business/Short Passage | G73: https://gmatclub.com/forum/among-the-myths-taken-as-fact-by-the-environmental-managers-132290.html
B74: =B73+1 -> 476 | C74: N/A | E74: C | F74: Business/Short Passage | G74: https://gmatclub.com/forum/among-the-myths-taken-as-fact-by-the-environmental-managers-132290.html
B75: =B74+1 -> 477 | C75: N/A | E75: E | F75: Business/Short Passage | G75: https://gmatclub.com/forum/among-the-myths-taken-as-fact-by-the-environmental-managers-132290.html
B76: =B75+1 -> 478 | C76: N/A | E76: D | F76: Science/Long Passage | G76: https://gmatclub.com/forum/milankovitch-proposed-in-the-early-twentieth-century-that-153493.html
B77: =B76+1 -> 479 | C77: N/A | E77: D | F77: Science/Long Passage | G77: https://gmatclub.com/forum/milankovitch-proposed-in-the-early-twentieth-century-that-153493.html
B78: =B77+1 -> 480 | C78: N/A | E78: B | F78: Science/Long Passage | G78: https://gmatclub.com/forum/milankovitch-proposed-in-the-early-twentieth-century-that-153493.html
B79: =B78+1 -> 481 | C79: N/A | E79: C | F79: Science/Long Passage | G79: https://gmatclub.com/forum/milankovitch-proposed-in-the-early-twentieth-century-that-153493.html
B80: =B79+1 -> 482 | C80: N/A | E80: B | F80: Science/Long Passage | G80: https://gmatclub.com/forum/milankovitch-proposed-in-the-early-twentieth-century-that-153493.html
... B111: =B110+1 -> 513 | C111: N/A | E111: D | F111: Science/Short Passage | G111: https://gmatclub.com/forum/while-the-most-abundant-and-dominant-species-within-a-133421.html
B112: =B111+1 -> 514 | C112: N/A | E112: D | F112: Humanities/Long Passage | G112: https://gmatclub.com/forum/conodonts-the-spiky-phosphatic-remains-bones-and-teeth-composed-of-c-242578.html | H112: NEW
B113: =B112+1 -> 515 | C113: N/A | E113: E | F113: Humanities/Long Passage | G113: https://gmatclub.com/forum/conodonts-the-spiky-phosphatic-remains-bones-and-teeth-composed-of-c-242578.html | H113: NEW
B114: =B113+1 -> 516 | C114: N/A | E114: B | F114: Humanities/Long Passage | G114: https://gmatclub.com/forum/conodonts-the-spiky-phosphatic-remains-bones-and-teeth-composed-of-c-242578.html | H114: NEW
B115: =B114+1 -> 517 | C115: N/A | E115: C | F115: Humanities/Long Passage | G115: https://gmatclub.com/forum/jon-clark-s-study-of-the-effect-of-the-modernization-of-a-88689.html
B116: =B115+1 -> 518 | C116: N/A | E116: C | F116: Humanities/Long Passage | G116: https://gmatclub.com/forum/jon-clark-s-study-of-the-effect-of-the-modernization-of-a-88689.html
B117: =B116+1 -> 519 | C117: N/A | E117: B | F117: Humanities/Long Passage | G117: https://gmatclub.com/forum/jon-clark-s-study-of-the-effect-of-the-modernization-of-a-88689.html
B118: =B117+1 -> 520 | C118: N/A | E118: A | F118: Humanities/Long Passage | G118: https://gmatclub.com/forum/jon-clark-s-study-of-the-effect-of-the-modernization-of-a-88689.html
B119: =B118+1 -> 521 | C119: N/A | E119: B | F119: Humanities/Long Passage | G119: https://gmatclub.com/forum/jon-clark-s-study-of-the-effect-of-the-modernization-of-a-88689.html
B120: =B119+1 -> 522 | C120: N/A | E120: D | F120: Humanities/Long Passage | G120: https://gmatclub.com/forum/jon-clark-s-study-of-the-effect-of-the-modernization-of-a-88689.html
B121: =B120+1 -> 523 | C121: N/A | E121: A | F121: Humanities/Long Passage | G121: https://gmatclub.com/forum/jon-clark-s-study-of-the-effect-of-the-modernization-of-a-88689.html
B122: =B121+1 -> 524 | C122: N/A | E122: C | F122: Humanities/Long Passage | G122: https://gmatclub.com/forum/jon-clark-s-study-of-the-effect-of-the-modernization-of-a-88689.html
B123: =B122+1 -> 525 | C123: N/A | E123: A | F123: Business/Long Passage | G123: https://gmatclub.com/forum/because-the-framers-of-the-united-states-constitution-written-in-222703.html
B124: =B123+1 -> 526 | C124: N/A | E124: E | F124: Business/Long Passage | G124: https://gmatclub.com/forum/because-the-framers-of-the-united-states-constitution-written-in-222703.html
B125: =B124+1 -> 527 | C125: N/A | E125: B | F125: Business/Long Passage | G125: https://gmatclub.com/forum/because-the-framers-of-the-united-states-constitution-written-in-222703.html
B126: =B125+1 -> 528 | C126: N/A | E126: D | F126: Business/Long Passage | G126: https://gmatclub.com/forum/because-the-framers-of-the-united-states-constitution-written-in-222703.html
... B134: =B133+1 -> 536 | C134: N/A | E134: D | F134: Humanities/Long Passage | G134: https://gmatclub.com/forum/og-2016-jacob-burckhardt-s-view-that-renaissance-european-women-218792.html
B135: =B134+1 -> 537 | C135: N/A | E135: C | F135: Science/Short Passage | G135: https://gmatclub.com/forum/when-asteroids-collide-some-collisions-cause-an-asteroid-to-spin-fast-242577.html | H135: NEW
B136: =B135+1 -> 538 | C136: N/A | E136: D | F136: Science/Short Passage | G136: https://gmatclub.com/forum/when-asteroids-collide-some-collisions-cause-an-asteroid-to-spin-fast-242577.html | H136: NEW
B137: =B136+1 -> 539 | C137: N/A | E137: B | F137: Science/Short Passage | G137: https://gmatclub.com/forum/when-asteroids-collide-some-collisions-cause-an-asteroid-to-spin-fast-242577.html | H137: NEW
B138: =B137+1 -> 540 | C138: N/A | E138: E | F138: Science/Short Passage | G138: https://gmatclub.com/forum/when-asteroids-collide-some-collisions-cause-an-asteroid-to-spin-fast-242577.html | H138: NEW
B139: =B138+1 -> 541 | C139: N/A | E139: E | F139: Science/Short Passage | G139: https://gmatclub.com/forum/og-16-most-attempts-by-physicists-to-send-particles-faster-207278.html#p1588250
B140: =B139+1 -> 542 | C140: N/A | E140: D | F140: Science/Short Passage | G140: https://gmatclub.com/forum/og-16-most-attempts-by-physicists-to-send-particles-faster-207278.html#p1588250
B141: =B140+1 -> 543 | C141: N/A | E141: C | F141: Science/Short Passage | G141: https://gmatclub.com/forum/og-16-most-attempts-by-physicists-to-send-particles-faster-207278.html#p1588250

Sheet CR
A1: GMAT Club Guide to The GMAT Official Guide 2018
A2: Question | B2: Difficulty | C2: Percentile | D2: OA | E2: Primary Category | F2: Link
A3: 544 | B3: Easy | C3: 0.05 | D3: E | E3: Argument Construction | F3: http://gmatclub.com/forum/2016-og-q1-neuroscientist-memory-evolved-to-help-199851.html
A4: 545 | B4: Easy | C4: 0.05 | D4: C | E4: Argument Evaluation | F4: http://gmatclub.com/forum/2016-og-q2-astronomer-most-stars-are-born-199853.html
A5: 546 | B5: Easy | C5: 0.05 | D5: E | E5: Evaluate of a plan | F5: https://gmatclub.com/forum/with-employer-paid-training-workers-have-the-242404.html | G5: NEW
A6: 547 | B6: Easy | C6: 0.05 | D6: A | E6: Argument Evaluation | F6: https://gmatclub.com/forum/candle-corporation-s-television-stations-are-likely-to-have-more-incom-220384.html
A7: 548 | B7: Easy | C7: 0.05 | D7: A | E7: Evaluation of a Plan | F7: https://gmatclub.com/forum/2016-og-q3-a-provincial-government-plans-to-raise-199855.html
A8: 549 | B8: Medium | C8: 0.35 | D8: B | E8: Argument Evaluation | F8: https://gmatclub.com/forum/editorial-the-roof-of-northtown-council-s-equipment-storage-48863.html
A9: 550 | B9: Easy | C9: 0.15 | D9: E | E9: Argument Construction | F9: https://gmatclub.com/forum/political-theorist-even-with-the-best-spies-area-experts-and-satell-242576.html | G9: NEW
A10: 551 | B10: Easy | C10: 0.05 | D10: E | E10: Argument Construction | F10: https://gmatclub.com/forum/during-the-earliest-period-of-industrialization-in-britain-steam-engi-220385.html
A11: 552 | B11: Easy | C11: 0.15 | D11: C | E11: Evaluation of a Plan | F11: https://gmatclub.com/forum/snowmaking-machines-work-by-spraying-a-mist-that-freezes-136977.html
A12: 553 | B12: Easy | C12: 0.05 | D12: E | E12: Argument Construction | F12: https://gmatclub.com/forum/suncorp-a-new-corporation-with-limited-funds-has-been-136975.html
A13: 554 | B13: Medium | C13: 0.25 | D13: A | E13: Evaluation of a Plan | F13: https://gmatclub.com/forum/archaeologists-use-technology-to-analyze-ancient-sites-it-is-likely-t-242575.html | G13: NEW
A14: 555 | B14: Medium | C14: 0.25 | D14: A | E14: Argument Construction | F14: https://gmatclub.com/forum/a-newly-discovered-painting-seems-to-be-the-work-of-201746.html
A15: 556 | B15: Easy | C15: 0.05 | D15: D | E15: Argument Construction | F15: https://gmatclub.com/forum/beginning-in-1966-all-new-cars-sold-in-morodia-were-required-to-have-s-242372.html | G15: NEW
A16: 557 | B16: Easy | C16: 0.05 | D16: B | E16: Evaluation of a Plan | F16: https://gmatclub.com/forum/in-order-to-reduce-the-number-of-items-damaged-while-in-69386.html
A17: 558 | B17: Hard | C17: 0.55 | D17: C | E17: Argument Construction | F17: https://gmatclub.com/forum/parland-s-alligator-population-has-been-declining-in-recent-87511.html
A18: 559 | B18: Easy | C18: 0.05 | D18: A | E18: Evaluation of a Plan | F18: https://gmatclub.com/forum/a-certain-automaker-aims-to-increase-its-market-share-by-136969.html
A19: 560 | B19: Easy | C19: 0.05 | D19: C | E19: Argument Evaluation | F19: https://gmatclub.com/forum/in-virtually-any-industry-technological-improvements-136973.html
A20: 561 | B20: Easy | C20: 0.15 | D20: B | E20: Argument Construction | F20: https://gmatclub.com/forum/chaco-canyon-a-settlement-of-the-ancient-anasazi-culture-241363.html | G20: NEW
A21: 562 | B21: Easy | C21: 0.15 | D21: D | E21: Argument Construction | F21: https://gmatclub.com/forum/the-maxilux-car-company-s-design-for-its-new-luxury-model-136971.html
A22: 563 | B22: Easy | C22: 0.05 | D22: D | E22: Argument Construction | F22: https://gmatclub.com/forum/most-bicycle-helmets-provide-good-protection-for-the-top-and-136970.html
A23: 564 | B23: Easy | C23: 0.15 | D23: C | E23: Evaluation of a Plan | F23: https://gmatclub.com/forum/to-reduce-the-frequency-of-ground-collisions-innovair-will-begin-givi-220386.html
A24: 565 | B24: Easy | C24: 0.05 | D24: E | E24: Argument Construction | F24: https://gmatclub.com/forum/hunter-many-people-blame-hunters-alone-for-the-decline-in-82737.html
A25: 566 | B25: Easy | C25: 0.15 | D25: E | E25: Evaluation of a Plan | F25: https://gmatclub.com/forum/og-2016-question-many-agriculturally-intensive-areas-of-the-world-204981.html
A26: 567 | B26: Easy | C26: 0.05 | D26: E | E26: Argument Evaluation | F26: https://gmatclub.com/forum/physician-the-hormone-melatonin-has-shown-promise-as-a-136962.html
A27: 568 | B27: Easy | C27: 0.05 | D27: B | E27: Argument Construction | F27: https://gmatclub.com/forum/hollywood-restaurant-is-replacing-some-of-its-standard-136967.html
A28: 569 | B28: Medium | C28: 0.25 | D28: A | E28: Argument Construction | F28: https://gmatclub.com/forum/a-major-network-news-organization-experienced-a-drop-in-136966.html
A29: 570 | B29: Easy | C29: 0.05 | D29: E | E29: Evaluation of a Plan | F29: https://gmatclub.com/forum/only-a-reduction-of-10-percent-in-the-number-of-scheduled-136794.html
A30: 571 | B30: Easy | C30: 0.05 | D30: B | E30: Argument Evaluation | F30: https://gmatclub.com/forum/for-similar-cars-and-comparable-drivers-automobile-136792.html
A31: 572 | B31: Medium | C31: 0.25 | D31: E | E31: Evaluation of a Plan | F31: https://gmatclub.com/forum/the-air-quality-board-recently-informed-coffee-roast-a-small-coffee-r-220388.html
A32: 573 | B32: Easy | C32: 0.15 | D32: D | E32: Evaluation of a Plan | F32: https://gmatclub.com/forum/the-tulu-a-popular-ornamental-plant-does-not-reproduce-136791.html
A33: 574 | B33: Easy | C33: 0.15 | D33: D | E33: Argument Evaluation | F33: https://gmatclub.com/forum/people-who-do-regular-volunteer-work-tend-to-live-longer-on-average-201379.html
A34: 575 | B34: Easy | C34: 0.15 | D34: E | E34: Evaluation of a Plan | F34: https://gmatclub.com/forum/in-merina-commercial-fossil-hunters-often-sell-241365.html | G34: NEW
A35: 576 | B35: Easy | C35: 0.05 | D35: C | E35: Evaluation of a Plan | F35: https://gmatclub.com/forum/from-og12-the-eurasian-ruffe-a-fish-species-inadvertently-90416.html
A36: 577 | B36: Easy | C36: 0.05 | D36: E | E36: Evaluation of a Plan | F36: https://gmatclub.com/forum/although-the-number-of-large-artificial-satellites-orbiting-62723.html
A37: 578 | B37: Easy | C37: 0.05 | D37: D | E37: Argument Construction | F37: https://gmatclub.com/forum/thyrian-lawmaker-thyria-s-cheese-importation-board-inspects-206351.html
A38: 579 | B38: Hard | C38: 0.65 | D38: E | E38: Argument Evaluation | F38: https://gmatclub.com/forum/the-growing-popularity-of-computer-based-activities-was-q2-80846.html
A39: 580 | B39: Hard | C39: 0.65 | D39: A | E39: Argument Construction | F39: http://gmatclub.com/forum/2016-og-although-the-school-would-receive-financial-benefits-if-it-ha-202757.html
A40: 581 | B40: Medium | C40: 0.35 | D40: A | E40: Argument Construction | F40: http://gmatclub.com/forum/many-athletes-inhale-pure-oxygen-after-exercise-in-an-attempt-to-incre-220390.html
A41: 582 | B41: Medium | C41: 0.35 | D41: C | E41: Argument Construction | F41: http://gmatclub.com/forum/sviatovin-is-a-medieval-moringian-text-whose-author-and-136788.html
A42: 583 | B42: Medium | C42: 0.35 | D42: D | E42: Argument Construction | F42: http://gmatclub.com/forum/2016-og-a-study-of-ticket-sales-at-a-summer-theater-festival-found-th-202758.html
A43: 584 | B43: Medium | C43: 0.25 | D43: E | E43: Argument Construction | F43: http://gmatclub.com/forum/2016-og-although-there-is-no-record-of-poet-edmund-spenser-s-parentag-202759.html
A44: 585 | B44: Easy | C44: 0.05 | D44: C | E44: Evaluation of a Plan | F44: http://gmatclub.com/forum/trancorp-currently-transports-all-its-goods-to-burland-46454.html
A45: 586 | B45: Easy | C45: 0.15 | D45: D | E45: Argument Construction | F45: http://gmatclub.com/forum/rainwater-contains-hydrogen-of-a-heavy-form-called-deuterium-the-deut-220391.html
A46: 587 | B46: Medium | C46: 0.25 | D46: C | E46: Argument Construction | F46: http://gmatclub.com/forum/2016-og-nownews-although-still-the-most-popular-magazine-covering-cu-202760.html
A47: 588 | B47: Medium | C47: 0.45 | D47: D | E47: Argument Evaluation | F47: https://gmatclub.com/forum/feline-and-human-skelton-201252.html
A48: 589 | B48: Hard | C48: 0.55 | D48: C | E48: Evaluation of a Plan | F48: https://gmatclub.com/forum/the-heavy-traffic-in-masana-is-a-growing-drain-on-the-city-s-economy-242147.html | G48: NEW
A49: 590 | B49: Easy | C49: 0.15 | D49: E | E49: Argument Construction | F49: https://gmatclub.com/forum/economist-the-most-economically-efficient-way-to-reduce-emissions-of-201255.html
A50: 591 | B50: Hard | C50: 0.55 | D50: C | E50: Argument Construction | F50: http://gmatclub.com/forum/humans-get-lyme-disease-from-infected-tick-205032.html
A51: 592 | B51: Easy | C51: 0.15 | D51: D | E51: Strengthen | F51: http://gmatclub.com/forum/many-industrialized-nations-are-trying-to-reduce-atmospheric-concentra-220392.html
A52: 593 | B52: Medium | C52: 0.35 | D52: A | E52: Complete the Passage/Conclusion | F52: http://gmatclub.com/forum/which-of-the-following-most-logically-completes-the-argument-49838.html
A53: 594 | B53: Medium | C53: 0.25 | D53: A | E53: Strengthen | F53: http://gmatclub.com/forum/advertisement-when-your-car-s-engine-is-running-at-its-normal-operati-201268.html
A54: 595 | B54: Hard | C54: 0.55 | D54: D | E54: Argument Construction | F54: http://gmatclub.com/forum/2016-og-the-testament-of-william-thorpe-was-published-around-1530-as-202761.html
A55: 596 | B55: Easy | C55: 0.05 | D55: C | E55: Evaluation of a Plan | F55: http://gmatclub.com/forum/2016-og-to-reduce-productivity-losses-from-employees-calling-in-sick-202762.html
A56: 597 | B56: Medium | C56: 0.55 | D56: E | E56: Evaluation of a Plan | F56: https://gmatclub.com/forum/advacned-cr-mail-advertisement-201330.html
A57: 598 | B57: Hard | C57: 0.55 | D57: C | E57: Argument Evaluation | F57: http://gmatclub.com/forum/petrochemical-industry-officials-have-said-that-the-extreme-pressure-e-220393.html
A58: 599 | B58: Medium | C58: 0.25 | D58: C | E58: Argument Construction | F58: https://gmatclub.com/forum/economist-the-price-of-tap-water-in-our-region-should-be-raised-drast-241543.html | G58: NEW
A59: 600 | B59: Medium | C59: 0.25 | D59: A | E59: Argument Evaluation | F59: http://gmatclub.com/forum/2016-og-politician-hybrid-cars-use-significantly-less-fuel-per-kilom-202763.html
A60: 601 | B60: Medium | C60: 0.25 | D60: E | E60: Complete the Passage | F60: http://gmatclub.com/forum/which-of-the-following-most-logically-completes-the-passage-136432.html
A61: 602 | B61: Easy | C61: 0.15 | D61: D | E61: Strengthen | F61: http://gmatclub.com/forum/new-cr-question-from-og-2016-garlic-fields-201150.html
A62: 603 | B62: Medium | C62: 0.35 | D62: A | E62: Assumption | F62: http://gmatclub.com/forum/which-of-the-following-most-logically-completes-the-passage-136429.html
A63: 604 | B63: Medium | C63: 0.25 | D63: D | E63: Evaluate Argument | F63: http://gmatclub.com/forum/tricky-cr-free-coffee-plan-new-og-201155.html
A64: 605 | B64: Easy | C64: 0.05 | D64: A | E64: Complete the Passage | F64: http://gmatclub.com/forum/by-competing-with-rodents-for-seeds-black-ants-help-control-44017.html
A65: 606 | B65: Easy | C65: 0.15 | D65: E | E65: Weaken | F65: http://gmatclub.com/forum/journalist-in-physics-journals-the-number-of-articles-102509.html
A66: 607 | B66: Medium | C66: 0.35 | D66: C | E66: Assumption | F66: http://gmatclub.com/forum/birds-have-been-said-to-be-descended-from-certain-birdlike-dinosaur-sp-220394.html
A67: 608 | B67: Medium | C67: 0.25 | D67: A | E67: Assumption | F67: http://gmatclub.com/forum/og-2016-demand-for-electricity-204242.html
A68: 609 | B68: Easy | C68: 0.15 | D68: C | E68: Conclusion | F68: http://gmatclub.com/forum/which-of-the-following-most-logically-completes-the-argument-136008.html
A69: 610 | B69: Easy | C69: 0.15 | D69: E | E69: Strengthen | F69: http://gmatclub.com/forum/previously-autoco-designed-all-of-its-cars-itself-and-then-contracted-220529.html
A70: 611 | B70: Hard | C70: 0.55 | D70: A | E70: Argument Evaluation | F70: http://gmatclub.com/forum/og-17-in-stenland-many-workers-have-been-complaining-that-220495.html
... A84: 625 | B84: Medium | C84: 0.55 | D84: A | E84: Argument Evaluation | F84: http://gmatclub.com/forum/the-difference-in-average-annual-income-in-favor-of-employees-who-have-220521.html
A85: 626 | B85: Medium | C85: 0.45 | D85: D | E85: Argument Construction | F85: https://gmatclub.com/forum/according-to-the-last-pre-election-poll-in-whippleton-241367.html | G85: NEW
A86: 627 | B86: Medium | C86: 0.25 | D86: E | E86: Argument Evaluation | F86: https://gmatclub.com/forum/manufacturing-plants-in-arundia-have-recently-been-acquired-in-241441.html | G86: NEW
A87: 628 | B87: Medium | C87: 0.45 | D87: E | E87: Argument Construction | F87: http://gmatclub.com/forum/cr-challenge-question-beach-city-airport-og-201652.html
A88: 629 | B88: Hard | C88: 0.65 | D88: E | E88: Weaken | F88: http://gmatclub.com/forum/the-introduction-of-new-drugs-into-the-market-is-frequently-220355.html
A89: 630 | B89: Medium | C89: 0.25 | D89: B | E89: Resolve Paradox | F89: http://gmatclub.com/forum/as-a-construction-material-bamboo-is-as-strong-as-steel-and-135997.html
A90: 631 | B90: Medium | C90: 0.35 | D90: E | E90: Argument Evaluation | F90: https://gmatclub.com/forum/newspaper-editors-should-not-allow-reporters-to-write-241368.html | G90: NEW
A91: 632 | B91: Medium | C91: 0.45 | D91: D | E91: Argument Evaluation | F91: https://gmatclub.com/forum/scientists-have-modified-feed-corn-genetically-209871.html
A92: 633 | B92: Medium | C92: 0.45 | D92: D | E92: Assumption/Logical Flaw | F92: http://gmatclub.com/forum/debater-the-average-amount-of-overtime-per-month-worked-by-135640.html
A93: 634 | B93: Hard | C93: 0.55 | D93: B | E93: Argument Construction | F93: https://gmatclub.com/forum/proponents-of-the-recently-introduced-tax-on-sales-of-new-luxury-boats-241472.html | G93: NEW
A94: 635 | B94: Very Hard | C94: 0.95 | D94: A | E94: Argument Evaluation | F94: https://gmatclub.com/forum/in-wareland-last-year-16-percent-of-licensed-drivers-under-21-and-241474.html | G94: NEW
A95: 636 | B95: Medium | C95: 0.25 | D95: D | E95: Argument Evaluation | F95: https://gmatclub.com/forum/in-the-past-the-country-of-malvernia-has-relied-heavily-on-imported-197968.html
A96: 637 | B96: Medium | C96: 0.35 | D96: C | E96: Argument Construction | F96: https://gmatclub.com/forum/exposure-to-certain-chemicals-commonly-used-in-elementary-schools-28474.html
A97: 638 | B97: Medium | C97: 0.25 | D97: B | E97: Argument Evaluation | F97: https://gmatclub.com/forum/normally-the-pineal-gland-governs-a-person-s-sleep-wake-134850.html
A98: 639 | B98: Very Hard | C98: 0.75 | D98: D | E98: Argument Evaluation | F98: https://gmatclub.com/forum/in-countries-where-automobile-insurance-includes-102322.html
A99: 640 | B99: Medium | C99: 0.65 | D99: D | E99: Argument Construction | F99: https://gmatclub.com/forum/last-year-comfort-airlines-had-twice-as-many-delayed-flights-241913.html | G99: NEW
A100: 641 | B100: Very Hard | C100: 0.65 | D100: A | E100: Argument Construction | F100: https://gmatclub.com/forum/last-year-a-global-disturbance-of-weather-patterns-disrupted-204421.html
A101: 642 | B101: Medium | C101: 0.25 | D101: C | E101: Argument Evaluation | F101: https://gmatclub.com/forum/advanced-cr-hermit-thrush-og-201809.html
A102: 643 | B102: Very Hard | C102: 0.45 | D102: C | E102: Evaluation of a Plan | F102: https://gmatclub.com/forum/the-kinds-of-hand-and-wrist-injuries-that-result-from-extended-242144.html | G102: NEW
A103: 644 | B103: Very Hard | C103: 0.95 | D103: B | E103: Argument Evaluation | F103: https://gmatclub.com/forum/a-certain-cultivated-herb-is-one-of-a-group-of-closely-related-plants-205067.html
A104: 645 | B104: N/A | C104: N/A | D104: E | E104: Argument Construction | F104: https://gmatclub.com/forum/many-people-suffer-an-allergic-reaction-to-certain-25973.html
A105: 646 | B105: Easy | C105: 0.15 | D105: D | E105: Evaluation of a Plan | F105: https://gmatclub.com/forum/a-new-law-gives-ownership-of-patents-documents-providing-95195.html
A106: 647 | B106: Very Hard | C106: 0.95 | D106: A | E106: Argument Evaluation | F106: https://gmatclub.com/forum/since-it-has-become-known-that-several-of-a-bank-s-top-136001.html
A107: 648 | B107: Very Hard | C107: 0.85 | D107: C | E107: Argument Evaluation | F107: https://gmatclub.com/forum/between-1980-and-2000-the-sea-otter-population-of-the-aleutian-islands-202574.html
A108: 649 | B108: Hard | C108: 0.55 | D108: B | E108: Strengthen | F108: https://gmatclub.com/forum/qotd-studies-in-restaurants-show-that-the-tips-left-by-customers-263094.html
A109: 650 | B109: Very Hard | C109: 0.95 | D109: A | E109: Assumption | F109: http://gmatclub.com/forum/2016-og-in-an-experiment-each-volunteer-was-allowed-to-choose-betwee-202764.html
A110: 651 | B110: Hard | C110: 0.55 | D110: B | E110: Argument Construction | F110: https://gmatclub.com/forum/country-x-s-recent-stock-trading-scandal-should-not-diminish-investors-241633.html | G110: NEW
A111: 652 | B111: Very Hard | C111: 0.75 | D111: B | E111: Argument Evaluation | F111: https://gmatclub.com/forum/delta-products-inc-has-recently-switched-at-least-partly-131942.html
A112: 653 | B112: Hard | C112: 0.65 | D112: D | E112: Inference | F112: http://gmatclub.com/forum/theater-critic-the-play-la-finestrina-now-at-central-131982.html
A113: 654 | B113: Hard | C113: 0.65 | D113: B | E113: Weaken | F113: http://gmatclub.com/forum/although-the-discount-stores-in-goreville-s-central-shopping-252238.html
...

Sheet SC
A1: GMAT Club Guide to The GMAT Official Guide 2018
A2: Question | B2: Difficulty | C2: Percentile | D2: OA | E2: Primary Category | F2: Link
A3: 668 | B3: Easy | C3: 0.05 | D3: E | E3: Verb form; Diction | F3: https://gmatclub.com/forum/in-a-review-of-2000-studies-of-human-behavior-that-date-back-132413.html
A4: 669 | B4: Easy | C4: 0.05 | D4: D | E4: Parallelism; Idiom | F4: https://gmatclub.com/forum/in-her-presentation-the-head-of-the-better-business-bureau-emphasized-220338.html
A5: 670 | B5: Easy | C5: 0.05 | D5: B | E5: Agreement; Rhetorical construction | F5: https://gmatclub.com/forum/recent-interdisciplinary-studies-advance-the-argument-that-emotions-i-220337.html
A6: 671 | B6: Easy | C6: 0.05 | D6: C | E6: Logical predication; Grammatical construction; Parallelism | F6: https://gmatclub.com/forum/manufacturers-rate-batteries-in-watt-hours-if-they-rate-the-132414.html
A7: 672 | B7: Easy | C7: 0.05 | D7: B | E7: Rhetorical construction; Parallelism | F7: https://gmatclub.com/forum/at-the-end-of-the-1930s-duke-ellington-was-looking-for-a-137022.html
A8: 673 | B8: Easy | C8: 0.05 | D8: C | E8: Grammatical construction; Idiom; Parallelism | F8: https://gmatclub.com/forum/while-noble-sissle-may-be-best-known-for-his-collaboration-with-eubie-199872.html
A9: 674 | B9: Easy | C9: 0.15 | D9: D | E9: Rhetorical construction; Verb form; Logical predication | F9: https://gmatclub.com/forum/air-traffic-routes-over-the-north-pole-are-currently-used-by-only-two-242552.html | G9: NEW
A10: 675 | B10: Easy | C10: 0.05 | D10: D | E10: Idiom; Rhetorical construction | F10: https://gmatclub.com/forum/og-2016-from-an-experiment-using-special-extrasensory-perception-car-204261.html
A11: 676 | B11: Medium | C11: 0.45 | D11: D | E11: Idiom; Rhetorical construction | F11: https://gmatclub.com/forum/2016-og-q10-a-long-term-study-of-some-199873.html
A12: 677 | B12: Easy | C12: 0.05 | D12: E | E12: Agreement; Logical predication | F12: https://gmatclub.com/forum/the-intricate-structure-of-the-compound-insect-eye-having-132417.html
A13: 678 | B13: Easy | C13: 0.15 | D13: B | E13: Logical predication; Diction | F13: https://gmatclub.com/forum/in-1979-lack-of-rain-reduced-india-s-rice-production-to-137020.html
A14: 679 | B14: Easy | C14: 0.05 | D14: B | E14: Rhetorical construction; Grammatical construction | F14: https://gmatclub.com/forum/2016-og-q2-hurricanes-at-first-begin-traveling-199871.html
A15: 680 | B15: Easy | C15: 0.05 | D15: D | E15: Parallelism; Agreement | F15: https://gmatclub.com/forum/unlike-the-virginal-whose-single-set-of-strings-runs-parallel-to-the-242375.html#p1867859 | G15: NEW
A16: 681 | B16: Easy | C16: 0.05 | D16: C | E16: Idiom; Grammatical construction | F16: https://gmatclub.com/forum/2016-og-q13-although-alice-walker-published-a-number-of-essays-199913.html
A17: 682 | B17: Easy | C17: 0.05 | D17: D | E17: Idiom; Logical predication; Parallelism | F17: https://gmatclub.com/forum/many-experts-regarded-the-increase-in-credit-card-borrowing-132418.html
A18: 683 | B18: Easy | C18: 0.05 | D18: B | E18: Logical predication; Modification | F18: https://gmatclub.com/forum/a-pioneer-journalist-nellie-bly-s-exploits-included-132419.html
A19: 684 | B19: Medium | C19: 0.45 | D19: A | E19: Logical predication; Grammatical construction | F19: https://gmatclub.com/forum/in-1913-the-largely-self-taught-indian-mathematician-srinivasa-ramanu-241549.html#p1860830 | G19: NEW
A20: 685 | B20: Easy | C20: 0.15 | D20: D | E20: Agreement; Idiom; Verb form | F20: https://gmatclub.com/forum/cost-cutting-and-restructuring-has-allowed-the-manufacturing-company-t-242549.html#p1869105 | G20: NEW
A21: 686 | B21: Easy | C21: 0.05 | D21: E | E21: Grammatical construction; Logical predication | F21: https://gmatclub.com/forum/the-life-and-casualty-company-hopes-that-by-increasing-its-environment-220340.html
A22: 687 | B22: Easy | C22: 0.05 | D22: C | E22: Diction; Parallelism | F22: https://gmatclub.com/forum/like-ancient-egyptian-architectural-materials-that-were-recycled-in-th-220341.html
A23: 688 | B23: Medium | C23: 0.25 | D23: B | E23: Grammatical construction; Diction | F23: https://gmatclub.com/forum/especially-in-the-early-years-new-entrepreneurs-may-need-to-find-reso-220342.html
A24: 689 | B24: Easy | C24: 0.15 | D24: C | E24: Correct Answer: C Selected Answer: Not Any Logical predication | F24: https://gmatclub.com/forum/og-2016-unlike-the-nests-of-leaf-cutters-and-most-other-ants-204262.html
A25: 690 | B25: Easy | C25: 0.05 | D25: D | E25: Idiom; Diction | F25: https://gmatclub.com/forum/turtles-like-other-reptiles-can-endure-long-fasts-in-their-ability-220343.html
A26: 691 | B26: Easy | C26: 0.15 | D26: E | E26: Logical predication; Diction; Verb form | F26: https://gmatclub.com/forum/thai-village-crafts-as-with-other-cultures-have-developed-thr-205017.html
A27: 692 | B27: Medium | C27: 0.25 | D27: B | E27: Logical predication; Parallelism | F27: https://gmatclub.com/forum/tropical-bats-play-important-roles-in-the-rain-forest-132440.html
A28: 693 | B28: Medium | C28: 0.35 | D28: C | E28: Agreement; Parallelism | F28: https://gmatclub.com/forum/discussion-of-greenhouse-effects-has-usually-focused-on-81888.html
A29: 694 | B29: Easy | C29: 0.05 | D29: A | E29: Rhetorical construction; Verb form; Logical predication | F29: https://gmatclub.com/forum/in-the-seventh-century-b-c-the-roman-alphabet-was-205237.html
A30: 695 | B30: Easy | C30: 0.05 | D30: C | E30: Idiom; Rhetorical construction | F30: https://gmatclub.com/forum/og-2016-with-corn-soybean-and-wheat-reserves-204264.html
A31: 696 | B31: Easy | C31: 0.05 | D31: E | E31: Rhetorical construction; Diction | F31: https://gmatclub.com/forum/by-1940-the-pilot-jacqueline-cochran-held-seventeen-132441.html
A32: 697 | B32: Medium | C32: 0.25 | D32: B | E32: Parallelism; Rhetorical construction | F32: https://gmatclub.com/forum/the-foundation-works-to-strengthen-local-and-regional-agricultural-mar-220344.html
A33: 698 | B33: Hard | C33: 0.65 | D33: E | E33: Diction; Rhetorical construction | F33: https://gmatclub.com/forum/a-professor-at-the-university-has-taken-a-sabbatical-to-research-222418.html
A34: 699 | B34: Easy | C34: 0.05 | D34: C | E34: Parallelism; Rhetorical construction | F34: https://gmatclub.com/forum/researchers-now-regard-interferon-as-not-a-single-substance-but-it-is-242548.html#p1869100 | G34: NEW
A35: 700 | B35: Medium | C35: 0.45 | D35: D | E35: Logical predication; Grammatical construction; Rhetorical construction | F35: https://gmatclub.com/forum/the-remarkable-similarity-of-thule-artifacts-throughout-a-vast-region-203495.html
A36: 701 | B36: Easy | C36: 0.05 | D36: A | E36: Logical predication; Verb form | F36: https://gmatclub.com/forum/the-widely-accepted-big-bang-theory-holds-that-the-universe-79497.html
A37: 702 | B37: Easy | C37: 0.05 | D37: A | E37: Verb form; Logical predication | F37: https://gmatclub.com/forum/between-14-000-and-8-000-b-c-the-ice-cap-that-covered-northern-asia-242405.html#p1868115 | G37: NEW
A38: 703 | B38: Easy | C38: 0.15 | D38: B | E38: Rhetorical construction; Parallelism | F38: https://gmatclub.com/forum/bengal-born-writer-philosopher-and-educator-rabindranath-134342.html
A39: 704 | B39: Hard | C39: 0.55 | D39: E | E39: Idiom; Parallelism | F39: https://gmatclub.com/forum/sc-practice-question-35-from-og16-215768.html
A40: 705 | B40: Easy | C40: 0.15 | D40: C | E40: Logical predication; Idiom | F40: https://gmatclub.com/forum/written-early-in-the-french-revolution-mary-wollstonecraft-s-a-vindic-220345.html
A41: 706 | B41: Easy | C41: 0.05 | D41: B | E41: Logical predication; Rhetorical construction | F41: https://gmatclub.com/forum/using-study-groups-managed-by-the-principal-popular-organizations-and-220346.html
A42: 707 | B42: Easy | C42: 0.05 | D42: D | E42: Agreement; Rhetorical construction | F42: https://gmatclub.com/forum/the-use-of-the-bar-code-or-universal-product-code-which-was-created-220347.html
A43: 708 | B43: Medium | C43: 0.25 | D43: E | E43: Rhetorical construction; Logical predication | F43: https://gmatclub.com/forum/the-organization-of-petroleum-exporting-countries-opec-had-24069.html
A44: 709 | B44: Medium | C44: 0.35 | D44: E | E44: Logical predication; Grammatical construction; Verb form | F44: https://gmatclub.com/forum/og-2016-not-trusting-themselves-to-choose-wisely-among-the-wide-204265.html
A45: 710 | B45: Easy | C45: 0.05 | D45: D | E45: Parallelism; Verb form | F45: https://gmatclub.com/forum/there-are-several-ways-to-build-solid-walls-using-just-mud-27542.html
A46: 711 | B46: Easy | C46: 0.15 | D46: A | E46: Agreement; Grammatical construction | F46: https://gmatclub.com/forum/a-surge-in-new-home-sales-and-a-drop-in-weekly-unemployment-18630.html
A47: 712 | B47: Easy | C47: 0.15 | D47: B | E47: Verb form; Logical predication | F47: https://gmatclub.com/forum/retail-sales-rose-8-10-of-1-percent-in-august-intensifying-10546.html
A48: 713 | B48: Easy | C48: 0.15 | D48: E | E48: Rhetorical construction; Diction | F48: https://gmatclub.com/forum/in-the-early-part-of-the-twentieth-century-many-vacationers-72762.html
A49: 714 | B49: Medium | C49: 0.25 | D49: D | E49: Parallelism; Grammatical construction | F49: https://gmatclub.com/forum/over-the-next-few-years-increasing-demands-on-the-35177.html
... A51: 716 | B51: Easy | C51: 0.05 | D51: C | E51: Logical predication; Modification | F51: https://gmatclub.com/forum/digging-in-sediments-in-northern-china-evidence-has-been-136456.html
A52: 717 | B52: Easy | C52: 0.15 | D52: D | E52: Parallelism; Rhetorical construction | F52: https://gmatclub.com/forum/employing-many-different-techniques-throughout-his-career-michelangel-242402.html#p1868097 | G52: NEW
A53: 718 | B53: Easy | C53: 0.15 | D53: D | E53: Logical predication; Verb form | F53: https://gmatclub.com/forum/outlining-his-strategy-for-nursing-the-troubled-conglomerate-134794.html
A54: 719 | B54: Easy | C54: 0.05 | D54: C | E54: Logical predication; Grammatical construction | F54: https://gmatclub.com/forum/it-is-called-a-sea-but-the-landlocked-caspian-is-actually-136536.html
A55: 720 | B55: Easy | C55: 0.05 | D55: A | E55: Grammatical construction; Logical predication | F55: https://gmatclub.com/forum/neuroscientists-having-amassed-a-wealth-of-knowledge-over-96386.html
A56: 721 | B56: Medium | C56: 0.35 | D56: C | E56: Grammatical construction; Verb form | F56: https://gmatclub.com/forum/q18-according-to-a-recent-study-of-consumer-spending-on-21315.html
A57: 722 | B57: Medium | C57: 0.35 | D57: B | E57: Logical predication; Rhetorical construction | F57: https://gmatclub.com/forum/along-the-major-rivers-that-traverse-the-deserts-of-136454.html
A58: 723 | B58: Easy | C58: 0.15 | D58: D | E58: Idiom; Parallelism; Logical predication | F58: https://gmatclub.com/forum/despite-its-covering-the-entire-planet-earth-has-a-crust-136453.html
A59: 724 | B59: Hard | C59: 0.55 | D59: E | E59: arallelism; Grammatical construction | F59: https://gmatclub.com/forum/emily-dickinsons-letters-to-susan-huntington-dickinson-were-10142.html
A60: 725 | B60: Medium | C60: 0.35 | D60: E | E60: Rhetorical construction; Grammatical construction | F60: https://gmatclub.com/forum/at-the-end-of-2001-motion-picture-industry-representatives-said-that-220348.html
A61: 726 | B61: Medium | C61: 0.45 | D61: D | E61: Grammatical construction; Rhetorical construction | F61: https://gmatclub.com/forum/making-things-even-more-difficult-has-been-general-market-inactivity-l-220349.html
A62: 727 | B62: Easy | C62: 0.05 | D62: D | E62: Rhetorical construction; Idiom; Logical predication | F62: https://gmatclub.com/forum/unlike-the-conviction-held-by-many-of-her-colleagues-that-79585.html
A63: 728 | B63: Medium | C63: 0.25 | D63: C | E63: Logical predication; Agreement | F63: https://gmatclub.com/forum/ryunosuke-akutagawa-s-knowledge-of-the-literatures-of-135722.html
A64: 729 | B64: Medium | C64: 0.45 | D64: C | E64: Logical predication; Rhetorical construction; Verb form | F64: https://gmatclub.com/forum/according-to-scientists-who-monitored-its-path-an-expanding-136452.html
... A69: 734 | B69: Easy | C69: 0.05 | D69: B | E69: Parallel Structure/Clauses/Construction/Idioms | F69: http://gmatclub.com/forum/in-ancient-thailand-much-of-the-local-artisans-creative-125866.html
A70: 735 | B70: Medium | C70: 0.25 | D70: E | E70: Verb form | F70: https://gmatclub.com/forum/the-english-physician-edward-jenner-found-that-if-experimental-subject-242546.html#p1869096 | G70: NEW
A71: 736 | B71: Easy | C71: 0.05 | D71: A | E71: Parallelism; Rhetorical construction; Grammatical construction | F71: https://gmatclub.com/forum/covering-71-percent-of-earth-s-surface-the-oceans-play-an-essential-206346.html
A72: 737 | B72: Hard | C72: 0.55 | D72: B | E72: Grammatical construction; Parallelism | F72: https://gmatclub.com/forum/some-anthropologists-believe-that-the-genetic-homogeneity-134793.html
A73: 738 | B73: Medium | C73: 0.25 | D73: B | E73: Idioms/Parallel Structure/Participle Parallelism | F73: http://gmatclub.com/forum/foraging-at-all-times-of-the-day-and-night-but-interspersing-their-fe-220378.html
A74: 739 | B74: Hard | C74: 0.55 | D74: A | E74: Conjunctions/Construction/Modifiers/Pronouns/Punctuation/Subject Verb Agreement | F74: http://gmatclub.com/forum/in-some-types-of-pine-tree-a-thick-layer-of-needles-protects-the-bud-220379.html
A75: 740 | B75: Medium | C75: 0.45 | D75: E | E75: Construction/Idioms/Which/That | F75: http://gmatclub.com/forum/the-tourism-commission-has-conducted-surveys-of-hotels-in-the-most-pop-220380.html
A76: 741 | B76: Medium | C76: 0.25 | D76: B | E76: Parallel Structure/Diction | F76: http://gmatclub.com/forum/a-new-study-suggests-that-the-conversational-pace-of-92666.html
A77: 742 | B77: Medium | C77: 0.25 | D77: A | E77: Modifiers/Parallel Structure | F77: http://gmatclub.com/forum/the-nineteenth-century-chemist-humphry-davy-presented-the-84616.html
A78: 743 | B78: Hard | C78: 0.65 | D78: A | E78: Diction; Parallelism; Verb form | F78: https://gmatclub.com/forum/to-attract-the-most-talented-workers-some-companies-are-offering-a-wi-241811.html | G78: NEW
A79: 744 | B79: Medium | C79: 0.25 | D79: E | E79: Logical predication; Parallelism | F79: https://gmatclub.com/forum/many-of-the-earliest-known-images-of-hindu-deities-in-india-date-from-99980.html
A80: 745 | B80: Easy | C80: 0.15 | D80: C | E80: Idiom; Grammatical construction | F80: https://gmatclub.com/forum/tides-typically-range-from-three-to-six-feet-but-while-some-places-sh-242545.html | G80: NEW
A81: 746 | B81: Easy | C81: 0.05 | D81: E | E81: Idiom; Logical predication | F81: https://gmatclub.com/forum/a-leading-figure-in-the-scottish-enlightenment-adam-smiths-51612.html
A82: 747 | B82: Easy | C82: 0.05 | D82: A | E82: Logical predication; Grammatical construction | F82: https://gmatclub.com/forum/og-2016-researchers-studying-the-brain-scans-of-volunteers-who-po-204322.html
A83: 748 | B83: Medium | C83: 0.45 | D83: A | E83: Logical predication; Rhetorical construction | F83: https://gmatclub.com/forum/rivaling-the-pyramids-of-egypt-or-even-the-ancient-cities-of-67423.html
A84: 749 | B84: Medium | C84: 0.35 | D84: D | E84: Diction; Agreement | F84: https://gmatclub.com/forum/in-california-a-lack-of-genetic-variation-in-the-argentine-35018.html
A85: 750 | B85: Medium | C85: 0.45 | D85: B | E85: Grammatical construction; Diction | F85: https://gmatclub.com/forum/next-month-state-wildlife-officials-are-scheduled-to-take-over-the-jo-242374.html#p1867854 | G85: NEW
A86: 751 | B86: Very Hard | C86: 0.85 | D86: B | E86: Logical predication; Grammatical construction | F86: https://gmatclub.com/forum/about-5-million-acres-in-the-united-states-have-been-invaded-by-leafy-242544.html | G86: New
A87: 752 | B87: Easy | C87: 0.45 | D87: B | E87: Agreement; Logical predication | F87: https://gmatclub.com/forum/while-it-costs-about-the-same-to-run-nuclear-plants-as-other-134755.html?reloaded_session=1&cb=11udvwab
A88: 753 | B88: Medium | C88: 0.45 | D88: A | E88: Rhetorical construction; Agreement | F88: https://gmatclub.com/forum/the-32-species-that-make-up-the-dolphin-family-are-closely-9155.html | G88: NEW
A89: 754 | B89: Medium | C89: 0.55 | D89: E | E89: Rhetorical construction; Agreement; Grammatical construction | F89: https://gmatclub.com/forum/the-first-trenches-that-were-cut-into-a-500-acre-site-at-102431.html
A90: 755 | B90: Easy | C90: 0.15 | D90: A | E90: Idiom; Logical predication; Rhetorical construction | F90: https://gmatclub.com/forum/og-2016-companies-are-relying-more-and-more-on-networked-computers-204288.html
A91: 756 | B91: Very Hard | C91: 0.75 | D91: B | E91: Verb form; Diction | F91: https://gmatclub.com/forum/combining-enormous-physical-strength-with-higher-intelligenc-87777.html
A92: 757 | B92: Hard | C92: 0.55 | D92: C | E92: Grammatical construction; Parallelism | F92: https://gmatclub.com/forum/to-map-earth-s-interior-geologists-use-a-network-of-seismometers-to-206347.html
A93: 758 | B93: Medium | C93: 0.25 | D93: B | E93: Logical predication; Verb form | F93: https://gmatclub.com/forum/prices-at-the-producer-level-are-only-1-3-percent-higher-now-206127.html
A94: 759 | B94: Medium | C94: 0.45 | D94: D | E94: Agreement; Logical predication | F94: https://gmatclub.com/forum/fossils-of-the-arm-of-a-sloth-found-in-puerto-rico-in-77781.html
A95: 760 | B95: Easy | C95: 0.05 | D95: C | E95: Parallelism; Diction | F95: https://gmatclub.com/forum/recently-physicians-have-determined-that-stomach-ulcers-are-86067.html
A96: 761 | B96: Easy | C96: 0.15 | D96: C | E96: Logical predication; Agreement | F96: http://gmatclub.com/forum/the-eyes-of-the-elephant-seal-adapt-to-darkness-more-quickly-than-any-220382.html
A97: 762 | B97: Easy | C97: 0.15 | D97: A | E97: Agreement; Logical predication | F97: http://gmatclub.com/forum/a-mutual-fund-having-billions-of-dollars-in-assets-will-136018.html
A98: 763 | B98: Medium | C98: 0.45 | D98: B | E98: Parallelism; Rhetorical construction | F98: https://gmatclub.com/forum/positing-an-enormous-volcanic-explosion-at-the-end-of-the-permian-peri-242370.html | G98: NEW
A99: 764 | B99: Easy | C99: 0.15 | D99: D | E99: Idiom; Grammatical construction | F99: http://gmatclub.com/forum/the-19-year-old-pianist-and-composer-performed-his-most-recent-work-al-206348.html
A100: 765 | B100: Very Hard | C100: 0.75 | D100: B | E100: Agreement; Idiom | F100: http://gmatclub.com/forum/starfish-with-anywhere-from-five-to-eight-arms-have-a-132488.html
A101: 766 | B101: Easy | C101: 0.05 | D101: B | E101: Rhetorical construction; Idiom | F101: http://gmatclub.com/forum/in-2000-a-mere-two-dozen-products-accounted-for-145461.html
A102: 767 | B102: Easy | C102: 0.05 | D102: E | E102: Logical predication; Verb form | F102: http://gmatclub.com/forum/similar-to-other-mississippi-delta-blues-singers-the-music-of-robert-206349.html
A103: 768 | B103: Hard | C103: 0.65 | D103: D | E103: Grammatical construction; Rhetorical construction | F103: http://gmatclub.com/forum/thelonious-monk-who-was-a-jazz-pianist-and-composer-47937.html
A104: 769 | B104: Medium | C104: 0.35 | D104: A | E104: Agreement; Idiom | F104: http://gmatclub.com/forum/nobody-knows-exactly-how-many-languages-there-are-in-the-78776.html
A105: 770 | B105: Easy | C105: 0.25 | D105: A | E105: Logical predication; Rhetorical construction | F105: https://gmatclub.com/forum/although-a-number-of-excellent-studies-narrate-the-development-of-dome-243570.html | G105: NEW
...

Sheet Error Log
A1: GMAT Club Guide to The GMAT Official Guide 2018
A2: Question | B2: Verbal/Quant | C2: Section | D2: Difficult Level | E2: Percentile | F2: Category | G2: Q. No. | H2: Your Answer | I2: Result | J2: Completed Time
A3: 1 | B3: Verbal | C3: CR | D3: =IF($H3="","",CR!B3) | E3: =IF($H3="","",CR!C3) | F3: =IF($H3="","",CR!E3) | G3: 544 | I3: =IF(H3="","NA",IF(H3=CR!D3,"Correct","Incorrect")) -> NA
A4: =A3+1 -> 2 | B4: Verbal | C4: CR | D4: =IF($H4="","",CR!B4) | E4: =IF($H4="","",CR!C4) | F4: =IF($H4="","",CR!E4) | G4: 545 | I4: =IF(H4="","NA",IF(H4=CR!D4,"Correct","Incorrect")) -> NA
A5: =A4+1 -> 3 | B5: Verbal | C5: CR | D5: =IF($H5="","",CR!B5) | E5: =IF($H5="","",CR!C5) | F5: =IF($H5="","",CR!E5) | G5: 546 | I5: =IF(H5="","NA",IF(H5=CR!D5,"Correct","Incorrect")) -> NA
A6: =A5+1 -> 4 | B6: Verbal | C6: CR | D6: =IF($H6="","",CR!B6) | E6: =IF($H6="","",CR!C6) | F6: =IF($H6="","",CR!E6) | G6: 547 | I6: =IF(H6="","NA",IF(H6=CR!D6,"Correct","Incorrect")) -> NA
A7: =A6+1 -> 5 | B7: Verbal | C7: CR | D7: =IF($H7="","",CR!B7) | E7: =IF($H7="","",CR!C7) | F7: =IF($H7="","",CR!E7) | G7: 548 | I7: =IF(H7="","NA",IF(H7=CR!D7,"Correct","Incorrect")) -> NA
A8: =A7+1 -> 6 | B8: Verbal | C8: CR | D8: =IF($H8="","",CR!B8) | E8: =IF($H8="","",CR!C8) | F8: =IF($H8="","",CR!E8) | G8: 549 | I8: =IF(H8="","NA",IF(H8=CR!D8,"Correct","Incorrect")) -> NA
A9: =A8+1 -> 7 | B9: Verbal | C9: CR | D9: =IF($H9="","",CR!B9) | E9: =IF($H9="","",CR!C9) | F9: =IF($H9="","",CR!E9) | G9: 550 | I9: =IF(H9="","NA",IF(H9=CR!D9,"Correct","Incorrect")) -> NA
A10: =A9+1 -> 8 | B10: Verbal | C10: CR | D10: =IF($H10="","",CR!B10) | E10: =IF($H10="","",CR!C10) | F10: =IF($H10="","",CR!E10) | G10: 551 | I10: =IF(H10="","NA",IF(H10=CR!D10,"Correct","Incorrect")) -> NA
A11: =A10+1 -> 9 | B11: Verbal | C11: CR | D11: =IF($H11="","",CR!B11) | E11: =IF($H11="","",CR!C11) | F11: =IF($H11="","",CR!E11) | G11: 552 | I11: =IF(H11="","NA",IF(H11=CR!D11,"Correct","Incorrect")) -> NA
A12: =A11+1 -> 10 | B12: Verbal | C12: CR | D12: =IF($H12="","",CR!B12) | E12: =IF($H12="","",CR!C12) | F12: =IF($H12="","",CR!E12) | G12: 553 | I12: =IF(H12="","NA",IF(H12=CR!D12,"Correct","Incorrect")) -> NA
A13: =A12+1 -> 11 | B13: Verbal | C13: CR | D13: =IF($H13="","",CR!B13) | E13: =IF($H13="","",CR!C13) | F13: =IF($H13="","",CR!E13) | G13: 554 | I13: =IF(H13="","NA",IF(H13=CR!D13,"Correct","Incorrect")) -> NA
A14: =A13+1 -> 12 | B14: Verbal | C14: CR | D14: =IF($H14="","",CR!B14) | E14: =IF($H14="","",CR!C14) | F14: =IF($H14="","",CR!E14) | G14: 555 | I14: =IF(H14="","NA",IF(H14=CR!D14,"Correct","Incorrect")) -> NA
A15: =A14+1 -> 13 | B15: Verbal | C15: CR | D15: =IF($H15="","",CR!B15) | E15: =IF($H15="","",CR!C15) | F15: =IF($H15="","",CR!E15) | G15: 556 | I15: =IF(H15="","NA",IF(H15=CR!D15,"Correct","Incorrect")) -> NA
... A126: =A125+1 -> 124 | B126: Verbal | C126: CR | D126: =IF($H126="","",CR!B126) | E126: =IF($H126="","",CR!C126) | F126: =IF($H126="","",CR!E126) | G126: 667 | I126: =IF(H126="","NA",IF(H126=CR!D126,"Correct","Incorrect")) -> NA
A127: =A126+1 -> 125 | B127: Verbal | C127: SC | D127: =IF($H127="","",SC!B3) | E127: =IF($H127="","",SC!C3) | F127: =IF($H127="","",SC!E3) | G127: 668 | I127: =IF(H127="","NA",IF(H127=SC!D3, "Correct","Incorrect")) -> NA
A128: =A127+1 -> 126 | B128: Verbal | C128: SC | D128: =IF($H128="","",SC!B4) | E128: =IF($H128="","",SC!C4) | F128: =IF($H128="","",SC!E4) | G128: 669 | I128: =IF(H128="","NA",IF(H128=SC!D4, "Correct","Incorrect")) -> NA
A129: =A128+1 -> 127 | B129: Verbal | C129: SC | D129: =IF($H129="","",SC!B5) | E129: =IF($H129="","",SC!C5) | F129: =IF($H129="","",SC!E5) | G129: 670 | I129: =IF(H129="","NA",IF(H129=SC!D5, "Correct","Incorrect")) -> NA
A130: =A129+1 -> 128 | B130: Verbal | C130: SC | D130: =IF($H130="","",SC!B6) | E130: =IF($H130="","",SC!C6) | F130: =IF($H130="","",SC!E6) | G130: 671 | I130: =IF(H130="","NA",IF(H130=SC!D6, "Correct","Incorrect")) -> NA
A131: =A130+1 -> 129 | B131: Verbal | C131: SC | D131: =IF($H131="","",SC!B7) | E131: =IF($H131="","",SC!C7) | F131: =IF($H131="","",SC!E7) | G131: 672 | I131: =IF(H131="","NA",IF(H131=SC!D7, "Correct","Incorrect")) -> NA
A132: =A131+1 -> 130 | B132: Verbal | C132: SC | D132: =IF($H132="","",SC!B8) | E132: =IF($H132="","",SC!C8) | F132: =IF($H132="","",SC!E8) | G132: 673 | I132: =IF(H132="","NA",IF(H132=SC!D8, "Correct","Incorrect")) -> NA
A133: =A132+1 -> 131 | B133: Verbal | C133: SC | D133: =IF($H133="","",SC!B9) | E133: =IF($H133="","",SC!C9) | F133: =IF($H133="","",SC!E9) | G133: 674 | I133: =IF(H133="","NA",IF(H133=SC!D9, "Correct","Incorrect")) -> NA
A134: =A133+1 -> 132 | B134: Verbal | C134: SC | D134: =IF($H134="","",SC!B10) | E134: =IF($H134="","",SC!C10) | F134: =IF($H134="","",SC!E10) | G134: 675 | I134: =IF(H134="","NA",IF(H134=SC!D10, "Correct","Incorrect")) -> NA
A135: =A134+1 -> 133 | B135: Verbal | C135: SC | D135: =IF($H135="","",SC!B11) | E135: =IF($H135="","",SC!C11) | F135: =IF($H135="","",SC!E11) | G135: 676 | I135: =IF(H135="","NA",IF(H135=SC!D11, "Correct","Incorrect")) -> NA
A136: =A135+1 -> 134 | B136: Verbal | C136: SC | D136: =IF($H136="","",SC!B12) | E136: =IF($H136="","",SC!C12) | F136: =IF($H136="","",SC!E12) | G136: 677 | I136: =IF(H136="","NA",IF(H136=SC!D12, "Correct","Incorrect")) -> NA
A137: =A136+1 -> 135 | B137: Verbal | C137: SC | D137: =IF($H137="","",SC!B13) | E137: =IF($H137="","",SC!C13) | F137: =IF($H137="","",SC!E13) | G137: 678 | I137: =IF(H137="","NA",IF(H137=SC!D13, "Correct","Incorrect")) -> NA
A138: =A137+1 -> 136 | B138: Verbal | C138: SC | D138: =IF($H138="","",SC!B14) | E138: =IF($H138="","",SC!C14) | F138: =IF($H138="","",SC!E14) | G138: 679 | I138: =IF(H138="","NA",IF(H138=SC!D14, "Correct","Incorrect")) -> NA
... A266: =A265+1 -> 264 | B266: Verbal | C266: SC | D266: =IF($H266="","",SC!B142) | E266: =IF($H266="","",SC!C142) | F266: =IF($H266="","",SC!E142) | G266: 807 | I266: =IF(H266="","NA",IF(H266=SC!D142, "Correct","Incorrect")) -> NA
A267: =A266+1 -> 265 | B267: Verbal | C267: RC | D267: =IF($H267="","",'RC'!C3) | E267: =IF($H267="","",'RC'!D3) | F267: =IF($H267="","",'RC'!F3) | G267: 405 | I267: =IF(H267="","NA",IF(H267='RC'!E3, "Correct","Incorrect")) -> NA
A268: =A267+1 -> 266 | B268: Verbal | C268: RC | D268: =IF($H268="","",'RC'!C4) | E268: =IF($H268="","",'RC'!D4) | F268: =IF($H268="","",'RC'!F4) | G268: 406 | I268: =IF(H268="","NA",IF(H268='RC'!E4, "Correct","Incorrect")) -> NA
A269: =A268+1 -> 267 | B269: Verbal | C269: RC | D269: =IF($H269="","",'RC'!C5) | E269: =IF($H269="","",'RC'!D5) | F269: =IF($H269="","",'RC'!F5) | G269: 407 | I269: =IF(H269="","NA",IF(H269='RC'!E5, "Correct","Incorrect")) -> NA
A270: =A269+1 -> 268 | B270: Verbal | C270: RC | D270: =IF($H270="","",'RC'!C6) | E270: =IF($H270="","",'RC'!D6) | F270: =IF($H270="","",'RC'!F6) | G270: 408 | I270: =IF(H270="","NA",IF(H270='RC'!E6, "Correct","Incorrect")) -> NA
A271: =A270+1 -> 269 | B271: Verbal | C271: RC | D271: =IF($H271="","",'RC'!C7) | E271: =IF($H271="","",'RC'!D7) | F271: =IF($H271="","",'RC'!F7) | G271: 409 | I271: =IF(H271="","NA",IF(H271='RC'!E7, "Correct","Incorrect")) -> NA
A272: =A271+1 -> 270 | B272: Verbal | C272: RC | D272: =IF($H272="","",'RC'!C8) | E272: =IF($H272="","",'RC'!D8) | F272: =IF($H272="","",'RC'!F8) | G272: 410 | I272: =IF(H272="","NA",IF(H272='RC'!E8, "Correct","Incorrect")) -> NA
A273: =A272+1 -> 271 | B273: Verbal | C273: RC | D273: =IF($H273="","",'RC'!C9) | E273: =IF($H273="","",'RC'!D9) | F273: =IF($H273="","",'RC'!F9) | G273: 411 | I273: =IF(H273="","NA",IF(H273='RC'!E9, "Correct","Incorrect")) -> NA
A274: =A273+1 -> 272 | B274: Verbal | C274: RC | D274: =IF($H274="","",'RC'!C10) | E274: =IF($H274="","",'RC'!D10) | F274: =IF($H274="","",'RC'!F10) | G274: 412 | I274: =IF(H274="","NA",IF(H274='RC'!E10, "Correct","Incorrect")) -> NA
A275: =A274+1 -> 273 | B275: Verbal | C275: RC | D275: =IF($H275="","",'RC'!C11) | E275: =IF($H275="","",'RC'!D11) | F275: =IF($H275="","",'RC'!F11) | G275: 413 | I275: =IF(H275="","NA",IF(H275='RC'!E11, "Correct","Incorrect")) -> NA
A276: =A275+1 -> 274 | B276: Verbal | C276: RC | D276: =IF($H276="","",'RC'!C12) | E276: =IF($H276="","",'RC'!D12) | F276: =IF($H276="","",'RC'!F12) | G276: 414 | I276: =IF(H276="","NA",IF(H276='RC'!E12, "Correct","Incorrect")) -> NA
A277: =A276+1 -> 275 | B277: Verbal | C277: RC | D277: =IF($H277="","",'RC'!C13) | E277: =IF($H277="","",'RC'!D13) | F277: =IF($H277="","",'RC'!F13) | G277: 415 | I277: =IF(H277="","NA",IF(H277='RC'!E13, "Correct","Incorrect")) -> NA
A278: =A277+1 -> 276 | B278: Verbal | C278: RC | D278: =IF($H278="","",'RC'!C14) | E278: =IF($H278="","",'RC'!D14) | F278: =IF($H278="","",'RC'!F14) | G278: 416 | I278: =IF(H278="","NA",IF(H278='RC'!E14, "Correct","Incorrect")) -> NA
... A292: =A291+1 -> 290 | B292: Verbal | C292: RC | D292: =IF($H292="","",'RC'!C28) | E292: =IF($H292="","",'RC'!D28) | F292: =IF($H292="","",'RC'!F28) | G292: 430 | I292: =IF(H292="","NA",IF(H292='RC'!E28, "Correct","Incorrect")) -> NA
A293: =A292+1 -> 291 | B293: Verbal | C293: RC | D293: =IF($H293="","",'RC'!C29) | E293: =IF($H293="","",'RC'!D29) | F293: =IF($H293="","",'RC'!F29) | G293: 431 | I293: =IF(H293="","NA",IF(H293='RC'!E29, "Correct","Incorrect")) -> NA | J293: 0.0047800926
A294: =A293+1 -> 292 | B294: Verbal | C294: RC | D294: =IF($H294="","",'RC'!C30) | E294: =IF($H294="","",'RC'!D30) | F294: =IF($H294="","",'RC'!F30) | G294: 432 | I294: =IF(H294="","NA",IF(H294='RC'!E30, "Correct","Incorrect")) -> NA | J294: 0.00033564815
A295: =A294+1 -> 293 | B295: Verbal | C295: RC | D295: =IF($H295="","",'RC'!C31) | E295: =IF($H295="","",'RC'!D31) | F295: =IF($H295="","",'RC'!F31) | G295: 433 | I295: =IF(H295="","NA",IF(H295='RC'!E31, "Correct","Incorrect")) -> NA | J295: 0.00017361111
A296: =A295+1 -> 294 | B296: Verbal | C296: RC | D296: =IF($H296="","",'RC'!C32) | E296: =IF($H296="","",'RC'!D32) | F296: =IF($H296="","",'RC'!F32) | G296: 434 | I296: =IF(H296="","NA",IF(H296='RC'!E32, "Correct","Incorrect")) -> NA | J296: 5.787037e-05
A297: =A296+1 -> 295 | B297: Verbal | C297: RC | D297: =IF($H297="","",'RC'!C33) | E297: =IF($H297="","",'RC'!D33) | F297: =IF($H297="","",'RC'!F33) | G297: 435 | I297: =IF(H297="","NA",IF(H297='RC'!E33, "Correct","Incorrect")) -> NA | J297: 4.6296296e-05
A298: =A297+1 -> 296 | B298: Verbal | C298: RC | D298: =IF($H298="","",'RC'!C34) | E298: =IF($H298="","",'RC'!D34) | F298: =IF($H298="","",'RC'!F34) | G298: 436 | I298: =IF(H298="","NA",IF(H298='RC'!E34, "Correct","Incorrect")) -> NA
A299: =A298+1 -> 297 | B299: Verbal | C299: RC | D299: =IF($H299="","",'RC'!C35) | E299: =IF($H299="","",'RC'!D35) | F299: =IF($H299="","",'RC'!F35) | G299: 437 | I299: =IF(H299="","NA",IF(H299='RC'!E35, "Correct","Incorrect")) -> NA
A300: =A299+1 -> 298 | B300: Verbal | C300: RC | D300: =IF($H300="","",'RC'!C36) | E300: =IF($H300="","",'RC'!D36) | F300: =IF($H300="","",'RC'!F36) | G300: 438 | I300: =IF(H300="","NA",IF(H300='RC'!E36, "Correct","Incorrect")) -> NA
A301: =A300+1 -> 299 | B301: Verbal | C301: RC | D301: =IF($H301="","",'RC'!C37) | E301: =IF($H301="","",'RC'!D37) | F301: =IF($H301="","",'RC'!F37) | G301: 439 | I301: =IF(H301="","NA",IF(H301='RC'!E37, "Correct","Incorrect")) -> NA
A302: =A301+1 -> 300 | B302: Verbal | C302: RC | D302: =IF($H302="","",'RC'!C38) | E302: =IF($H302="","",'RC'!D38) | F302: =IF($H302="","",'RC'!F38) | G302: 440 | I302: =IF(H302="","NA",IF(H302='RC'!E38, "Correct","Incorrect")) -> NA
A303: =A302+1 -> 301 | B303: Verbal | C303: RC | D303: =IF($H303="","",'RC'!C39) | E303: =IF($H303="","",'RC'!D39) | F303: =IF($H303="","",'RC'!F39) | G303: 441 | I303: =IF(H303="","NA",IF(H303='RC'!E39, "Correct","Incorrect")) -> NA
A304: =A303+1 -> 302 | B304: Verbal | C304: RC | D304: =IF($H304="","",'RC'!C40) | E304: =IF($H304="","",'RC'!D40) | F304: =IF($H304="","",'RC'!F40) | G304: 442 | I304: =IF(H304="","NA",IF(H304='RC'!E40, "Correct","Incorrect")) -> NA
A305: =A304+1 -> 303 | B305: Verbal | C305: RC | D305: =IF($H305="","",'RC'!C41) | E305: =IF($H305="","",'RC'!D41) | F305: =IF($H305="","",'RC'!F41) | G305: 443 | I305: =IF(H305="","NA",IF(H305='RC'!E41, "Correct","Incorrect")) -> NA
A306: =A305+1 -> 304 | B306: Verbal | C306: RC | D306: =IF($H306="","",'RC'!C42) | E306: =IF($H306="","",'RC'!D42) | F306: =IF($H306="","",'RC'!F42) | G306: 444 | I306: =IF(H306="","NA",IF(H306='RC'!E42, "Correct","Incorrect")) -> NA
A307: =A306+1 -> 305 | B307: Verbal | C307: RC | D307: =IF($H307="","",'RC'!C43) | E307: =IF($H307="","",'RC'!D43) | F307: =IF($H307="","",'RC'!F43) | G307: 445 | I307: =IF(H307="","NA",IF(H307='RC'!E43, "Correct","Incorrect")) -> NA
A308: =A307+1 -> 306 | B308: Verbal | C308: RC | D308: =IF($H308="","",'RC'!C44) | E308: =IF($H308="","",'RC'!D44) | F308: =IF($H308="","",'RC'!F44) | G308: 446 | I308: =IF(H308="","NA",IF(H308='RC'!E44, "Correct","Incorrect")) -> NA
A309: =A308+1 -> 307 | B309: Verbal | C309: RC | D309: =IF($H309="","",'RC'!C45) | E309: =IF($H309="","",'RC'!D45) | F309: =IF($H309="","",'RC'!F45) | G309: 447 | I309: =IF(H309="","NA",IF(H309='RC'!E45, "Correct","Incorrect")) -> NA
... A405: =A404+1 -> 403 | B405: Verbal | C405: RC | D405: =IF($H405="","",'RC'!C141) | E405: =IF($H405="","",'RC'!D141) | F405: =IF($H405="","",'RC'!F141) | G405: 543 | I405: =IF(H405="","NA",IF(H405='RC'!E141, "Correct","Incorrect")) -> NA
A406: =A405+1 -> 404 | B406: Quant | C406: PS | D406: =IF($H406="","",PS!B3) | E406: =IF($H406="","",PS!C3) | F406: =IF($H406="","",PS!E3) | G406: 1 | I406: =IF(H406="","NA",IF(H406=PS!D3, "Correct","Incorrect")) -> NA
A407: =A406+1 -> 405 | B407: Quant | C407: PS | D407: =IF($H407="","",PS!B4) | E407: =IF($H407="","",PS!C4) | F407: =IF($H407="","",PS!E4) | G407: 2 | I407: =IF(H407="","NA",IF(H407=PS!D4, "Correct","Incorrect")) -> NA
A408: =A407+1 -> 406 | B408: Quant | C408: PS | D408: =IF($H408="","",PS!B5) | E408: =IF($H408="","",PS!C5) | F408: =IF($H408="","",PS!E5) | G408: 3 | I408: =IF(H408="","NA",IF(H408=PS!D5, "Correct","Incorrect")) -> NA
A409: =A408+1 -> 407 | B409: Quant | C409: PS | D409: =IF($H409="","",PS!B6) | E409: =IF($H409="","",PS!C6) | F409: =IF($H409="","",PS!E6) | G409: 4 | I409: =IF(H409="","NA",IF(H409=PS!D6, "Correct","Incorrect")) -> NA
A410: =A409+1 -> 408 | B410: Quant | C410: PS | D410: =IF($H410="","",PS!B7) | E410: =IF($H410="","",PS!C7) | F410: =IF($H410="","",PS!E7) | G410: 5 | I410: =IF(H410="","NA",IF(H410=PS!D7, "Correct","Incorrect")) -> NA
A411: =A410+1 -> 409 | B411: Quant | C411: PS | D411: =IF($H411="","",PS!B8) | E411: =IF($H411="","",PS!C8) | F411: =IF($H411="","",PS!E8) | G411: 6 | I411: =IF(H411="","NA",IF(H411=PS!D8, "Correct","Incorrect")) -> NA
A412: =A411+1 -> 410 | B412: Quant | C412: PS | D412: =IF($H412="","",PS!B9) | E412: =IF($H412="","",PS!C9) | F412: =IF($H412="","",PS!E9) | G412: 7 | I412: =IF(H412="","NA",IF(H412=PS!D9, "Correct","Incorrect")) -> NA
A413: =A412+1 -> 411 | B413: Quant | C413: PS | D413: =IF($H413="","",PS!B10) | E413: =IF($H413="","",PS!C10) | F413: =IF($H413="","",PS!E10) | G413: 8 | I413: =IF(H413="","NA",IF(H413=PS!D10, "Correct","Incorrect")) -> NA
A414: =A413+1 -> 412 | B414: Quant | C414: PS | D414: =IF($H414="","",PS!B11) | E414: =IF($H414="","",PS!C11) | F414: =IF($H414="","",PS!E11) | G414: 9 | I414: =IF(H414="","NA",IF(H414=PS!D11, "Correct","Incorrect")) -> NA
A415: =A414+1 -> 413 | B415: Quant | C415: PS | D415: =IF($H415="","",PS!B12) | E415: =IF($H415="","",PS!C12) | F415: =IF($H415="","",PS!E12) | G415: 10 | I415: =IF(H415="","NA",IF(H415=PS!D12, "Correct","Incorrect")) -> NA
A416: =A415+1 -> 414 | B416: Quant | C416: PS | D416: =IF($H416="","",PS!B13) | E416: =IF($H416="","",PS!C13) | F416: =IF($H416="","",PS!E13) | G416: 11 | I416: =IF(H416="","NA",IF(H416=PS!D13, "Correct","Incorrect")) -> NA
A417: =A416+1 -> 415 | B417: Quant | C417: PS | D417: =IF($H417="","",PS!B14) | E417: =IF($H417="","",PS!C14) | F417: =IF($H417="","",PS!E14) | G417: 12 | I417: =IF(H417="","NA",IF(H417=PS!D14, "Correct","Incorrect")) -> NA
... A635: =A634+1 -> 633 | B635: Quant | C635: PS | D635: =IF($H635="","",PS!B232) | E635: =IF($H635="","",PS!C232) | F635: =IF($H635="","",PS!E232) | G635: 230 | I635: =IF(H635="","NA",IF(H635=PS!D232, "Correct","Incorrect")) -> NA
A636: =A635+1 -> 634 | B636: Quant | C636: DS | D636: =IF($H636="","",DS!B3) | E636: =IF($H636="","",DS!C3) | F636: =IF($H636="","",DS!E3) | G636: 231 | I636: =IF(H636="","NA",IF(H636=DS!D3, "Correct","Incorrect")) -> NA
A637: =A636+1 -> 635 | B637: Quant | C637: DS | D637: =IF($H637="","",DS!B4) | E637: =IF($H637="","",DS!C4) | F637: =IF($H637="","",DS!E4) | G637: 232 | I637: =IF(H637="","NA",IF(H637=DS!D4, "Correct","Incorrect")) -> NA
A638: =A637+1 -> 636 | B638: Quant | C638: DS | D638: =IF($H638="","",DS!B5) | E638: =IF($H638="","",DS!C5) | F638: =IF($H638="","",DS!E5) | G638: 233 | I638: =IF(H638="","NA",IF(H638=DS!D5, "Correct","Incorrect")) -> NA
A639: =A638+1 -> 637 | B639: Quant | C639: DS | D639: =IF($H639="","",DS!B6) | E639: =IF($H639="","",DS!C6) | F639: =IF($H639="","",DS!E6) | G639: 234 | I639: =IF(H639="","NA",IF(H639=DS!D6, "Correct","Incorrect")) -> NA
A640: =A639+1 -> 638 | B640: Quant | C640: DS | D640: =IF($H640="","",DS!B7) | E640: =IF($H640="","",DS!C7) | F640: =IF($H640="","",DS!E7) | G640: 235 | I640: =IF(H640="","NA",IF(H640=DS!D7, "Correct","Incorrect")) -> NA
A641: =A640+1 -> 639 | B641: Quant | C641: DS | D641: =IF($H641="","",DS!B8) | E641: =IF($H641="","",DS!C8) | F641: =IF($H641="","",DS!E8) | G641: 236 | I641: =IF(H641="","NA",IF(H641=DS!D8, "Correct","Incorrect")) -> NA
A642: =A641+1 -> 640 | B642: Quant | C642: DS | D642: =IF($H642="","",DS!B9) | E642: =IF($H642="","",DS!C9) | F642: =IF($H642="","",DS!E9) | G642: 237 | I642: =IF(H642="","NA",IF(H642=DS!D9, "Correct","Incorrect")) -> NA
A643: =A642+1 -> 641 | B643: Quant | C643: DS | D643: =IF($H643="","",DS!B10) | E643: =IF($H643="","",DS!C10) | F643: =IF($H643="","",DS!E10) | G643: 238 | I643: =IF(H643="","NA",IF(H643=DS!D10, "Correct","Incorrect")) -> NA
A644: =A643+1 -> 642 | B644: Quant | C644: DS | D644: =IF($H644="","",DS!B11) | E644: =IF($H644="","",DS!C11) | F644: =IF($H644="","",DS!E11) | G644: 239 | I644: =IF(H644="","NA",IF(H644=DS!D11, "Correct","Incorrect")) -> NA
A645: =A644+1 -> 643 | B645: Quant | C645: DS | D645: =IF($H645="","",DS!B12) | E645: =IF($H645="","",DS!C12) | F645: =IF($H645="","",DS!E12) | G645: 240 | I645: =IF(H645="","NA",IF(H645=DS!D12, "Correct","Incorrect")) -> NA
A646: =A645+1 -> 644 | B646: Quant | C646: DS | D646: =IF($H646="","",DS!B13) | E646: =IF($H646="","",DS!C13) | F646: =IF($H646="","",DS!E13) | G646: 241 | I646: =IF(H646="","NA",IF(H646=DS!D13, "Correct","Incorrect")) -> NA
A647: =A646+1 -> 645 | B647: Quant | C647: DS | D647: =IF($H647="","",DS!B14) | E647: =IF($H647="","",DS!C14) | F647: =IF($H647="","",DS!E14) | G647: 242 | I647: =IF(H647="","NA",IF(H647=DS!D14, "Correct","Incorrect")) -> NA
... A809: =A808+1 -> 807 | B809: Quant | C809: DS | D809: =IF($H809="","",DS!B176) | E809: =IF($H809="","",DS!C176) | F809: =IF($H809="","",DS!E176) | G809: 404 | I809: =IF(H809="","NA",IF(H809=DS!D176, "Correct","Incorrect")) -> NA

Sheet Analysis
A1: Table 1. Analysis Table with General Information | AF1: Difficult level | AG1: Answer Choice | AH1: Section | AI1: Timer precise
AF2: Easy | AG2: A | AH2: PS | AI2: 0
A3: Section | B3: Sub-Section | C3: Result | G3: Your avg. Time | AF3: Medium | AG3: B | AH3: DS | AI3: 1
C4: Correct | D4: Incorrect | E4: NA | F4: Grand Total | AF4: Hard | AG4: C | AH4: RC
A5: Quant | B5: DS | C5: =COUNTIFS('Error Log'!$I$3:$I$809,C$4,'Error Log'!$C$3:$C$809,$B5) -> 0 | D5: =COUNTIFS('Error Log'!$I$3:$I$809,D$4,'Error Log'!$C$3:$C$809,$B5) -> 0 | E5: =COUNTIFS('Error Log'!$I$3:$I$809,E$4,'Error Log'!$C$3:$C$809,$B5) -> 174 | F5: =SUM(C5:E5) -> 174 | G5: =IFERROR(AVERAGEIFS('Error Log'!$J$3:$J$809,'Error Log'!$C$3:$C$809,Analysis!B5,'Error Log'!$H$3:$H$809,"<>"),0) -> 0 | AF5: Very Hard | AG5: D | AH5: CR
B6: PS | C6: =COUNTIFS('Error Log'!$I$3:$I$809,C$4,'Error Log'!$C$3:$C$809,$B6) -> 0 | D6: =COUNTIFS('Error Log'!$I$3:$I$809,D$4,'Error Log'!$C$3:$C$809,$B6) -> 0 | E6: =COUNTIFS('Error Log'!$I$3:$I$809,E$4,'Error Log'!$C$3:$C$809,$B6) -> 230 | F6: =SUM(C6:E6) -> 230 | G6: =IFERROR(AVERAGEIFS('Error Log'!$J$3:$J$809,'Error Log'!$C$3:$C$809,Analysis!B6,'Error Log'!$H$3:$H$809,"<>"),0) -> 0 | AF6: N/A | AG6: E | AH6: SC
A7: Quant Total | C7: =SUM(C5:C6) -> 0 | D7: =SUM(D5:D6) -> 0 | E7: =SUM(E5:E6) -> 404 | F7: =SUM(C7:E7) -> 404 | G7: =IFERROR(AVERAGEIFS('Error Log'!$J$3:$J$809,'Error Log'!$B$3:$B$809,"Quant",'Error Log'!$H$3:$H$809,"<>"),0) -> 0 | AH7: Practice
A8: Verbal | B8: CR | C8: =COUNTIFS('Error Log'!$I$3:$I$809,C$4,'Error Log'!$C$3:$C$809,$B8) -> 0 | D8: =COUNTIFS('Error Log'!$I$3:$I$809,D$4,'Error Log'!$C$3:$C$809,$B8) -> 0 | E8: =COUNTIFS('Error Log'!$I$3:$I$809,E$4,'Error Log'!$C$3:$C$809,$B8) -> 124 | F8: =SUM(C8:E8) -> 124 | G8: =IFERROR(AVERAGEIFS('Error Log'!$J$3:$J$809,'Error Log'!$C$3:$C$809,Analysis!B8,'Error Log'!$H$3:$H$809,"<>"),0) -> 0
B9: RC | C9: =COUNTIFS('Error Log'!$I$3:$I$809,C$4,'Error Log'!$C$3:$C$809,$B9) -> 0 | D9: =COUNTIFS('Error Log'!$I$3:$I$809,D$4,'Error Log'!$C$3:$C$809,$B9) -> 0 | E9: =COUNTIFS('Error Log'!$I$3:$I$809,E$4,'Error Log'!$C$3:$C$809,$B9) -> 139 | F9: =SUM(C9:E9) -> 139 | G9: =IFERROR(AVERAGEIFS('Error Log'!$J$3:$J$809,'Error Log'!$C$3:$C$809,Analysis!B9,'Error Log'!$H$3:$H$809,"<>"),0) -> 0
B10: SC | C10: =COUNTIFS('Error Log'!$I$3:$I$809,C$4,'Error Log'!$C$3:$C$809,$B10) -> 0 | D10: =COUNTIFS('Error Log'!$I$3:$I$809,D$4,'Error Log'!$C$3:$C$809,$B10) -> 0 | E10: =COUNTIFS('Error Log'!$I$3:$I$809,E$4,'Error Log'!$C$3:$C$809,$B10) -> 140 | F10: =SUM(C10:E10) -> 140 | G10: =IFERROR(AVERAGEIFS('Error Log'!$J$3:$J$809,'Error Log'!$C$3:$C$809,Analysis!B10,'Error Log'!$H$3:$H$809,"<>"),0) -> 0
A11: Verbal Total | C11: =SUM(C8:C10) -> 0 | D11: =SUM(D8:D10) -> 0 | E11: =SUM(E8:E10) -> 403 | F11: =SUM(C11:E11) -> 403 | G11: =IFERROR(AVERAGEIFS('Error Log'!$J$3:$J$809,'Error Log'!$B$3:$B$809,"Verbal",'Error Log'!$H$3:$H$809,"<>"),0) -> 0
A12: Grand Total | C12: =C7+C11 -> 0 | D12: =D7+D11 -> 0 | E12: =E7+E11 -> 807 | F12: =SUM(C12:E12) -> 807 | G12: =IFERROR(AVERAGEIFS('Error Log'!$J$3:$J$809,'Error Log'!$H$3:$H$809,"<>"),0) -> 0
A15: Figure 2.
A36: Table 3. Analysis table with difficult level
A38: Section | B38: Sub-Section | C38: Difficult Level | D38: Result | G38: Grand Total | H38: Your avg. Time
D39: Correct | E39: Incorrect | F39: NA
A40: Quant | B40: DS | C40: Easy | D40: =COUNTIFS('Error Log'!$I$3:$I$809,D$39,'Error Log'!$C$3:$C$809,$B40,'Error Log'!$D$3:$D$809,$C40) -> 0 | E40: =COUNTIFS('Error Log'!$I$3:$I$809,E$39,'Error Log'!$C$3:$C$809,$B40,'Error Log'!$D$3:$D$809,$C40) -> 0 | F40: =COUNTIFS('Error Log'!$I$3:$I$809,F$39,'Error Log'!$C$3:$C$809,$B40,'Error Log'!$D$3:$D$809,$C40) -> 0 | G40: =SUM(D40:F40) -> 0 | H40: =IFERROR(AVERAGEIFS('Error Log'!$J$3:$J$809,'Error Log'!$C$3:$C$809,Analysis!B40,'Error Log'!$H$3:$H$809,"<>",'Error Log'!$D$3:$D$809,C40),0) -> 0
C41: Medium | D41: =COUNTIFS('Error Log'!$I$3:$I$809,D$39,'Error Log'!$C$3:$C$809,$B40,'Error Log'!$D$3:$D$809,$C41) -> 0 | E41: =COUNTIFS('Error Log'!$I$3:$I$809,E$39,'Error Log'!$C$3:$C$809,$B40,'Error Log'!$D$3:$D$809,$C41) -> 0 | F41: =COUNTIFS('Error Log'!$I$3:$I$809,F$39,'Error Log'!$C$3:$C$809,$B40,'Error Log'!$D$3:$D$809,$C41) -> 0 | G41: =SUM(D41:F41) -> 0 | H41: =IFERROR(AVERAGEIFS('Error Log'!$J$3:$J$809,'Error Log'!$C$3:$C$809,Analysis!B40,'Error Log'!$H$3:$H$809,"<>",'Error Log'!$D$3:$D$809,C41),0) -> 0
C42: Hard | D42: =COUNTIFS('Error Log'!$I$3:$I$809,D$39,'Error Log'!$C$3:$C$809,$B40,'Error Log'!$D$3:$D$809,$C42) -> 0 | E42: =COUNTIFS('Error Log'!$I$3:$I$809,E$39,'Error Log'!$C$3:$C$809,$B40,'Error Log'!$D$3:$D$809,$C42) -> 0 | F42: =COUNTIFS('Error Log'!$I$3:$I$809,F$39,'Error Log'!$C$3:$C$809,$B40,'Error Log'!$D$3:$D$809,$C42) -> 0 | G42: =SUM(D42:F42) -> 0 | H42: =IFERROR(AVERAGEIFS('Error Log'!$J$3:$J$809,'Error Log'!$C$3:$C$809,Analysis!B40,'Error Log'!$H$3:$H$809,"<>",'Error Log'!$D$3:$D$809,C42),0) -> 0
C43: Very Hard | D43: =COUNTIFS('Error Log'!$I$3:$I$809,D$39,'Error Log'!$C$3:$C$809,$B40,'Error Log'!$D$3:$D$809,$C43) -> 0 | E43: =COUNTIFS('Error Log'!$I$3:$I$809,E$39,'Error Log'!$C$3:$C$809,$B40,'Error Log'!$D$3:$D$809,$C43) -> 0 | F43: =COUNTIFS('Error Log'!$I$3:$I$809,F$39,'Error Log'!$C$3:$C$809,$B40,'Error Log'!$D$3:$D$809,$C43) -> 0 | G43: =SUM(D43:F43) -> 0 | H43: =IFERROR(AVERAGEIFS('Error Log'!$J$3:$J$809,'Error Log'!$C$3:$C$809,Analysis!B40,'Error Log'!$H$3:$H$809,"<>",'Error Log'!$D$3:$D$809,C43),0) -> 0
C44: N/A | D44: =COUNTIFS('Error Log'!$I$3:$I$809,D$39,'Error Log'!$C$3:$C$809,$B40,'Error Log'!$D$3:$D$809,$C44) -> 0 | E44: =COUNTIFS('Error Log'!$I$3:$I$809,E$39,'Error Log'!$C$3:$C$809,$B40,'Error Log'!$D$3:$D$809,$C44) -> 0 | F44: =COUNTIFS('Error Log'!$I$3:$I$809,F$39,'Error Log'!$C$3:$C$809,$B40,'Error Log'!$D$3:$D$809,$C44) -> 0 | G44: =SUM(D44:F44) -> 0 | H44: =IFERROR(AVERAGEIFS('Error Log'!$J$3:$J$809,'Error Log'!$C$3:$C$809,Analysis!B40,'Error Log'!$H$3:$H$809,"<>",'Error Log'!$D$3:$D$809,C44),0) -> 0
B45: PS | C45: Easy | D45: =COUNTIFS('Error Log'!$I$3:$I$809,D$39,'Error Log'!$C$3:$C$809,$B45,'Error Log'!$D$3:$D$809,$C45) -> 0 | E45: =COUNTIFS('Error Log'!$I$3:$I$809,E$39,'Error Log'!$C$3:$C$809,$B45,'Error Log'!$D$3:$D$809,$C45) -> 0 | F45: =COUNTIFS('Error Log'!$I$3:$I$809,F$39,'Error Log'!$C$3:$C$809,$B45,'Error Log'!$D$3:$D$809,$C45) -> 0 | G45: =SUM(D45:F45) -> 0 | H45: =IFERROR(AVERAGEIFS('Error Log'!$J$3:$J$809,'Error Log'!$C$3:$C$809,Analysis!B45,'Error Log'!$H$3:$H$809,"<>",'Error Log'!$D$3:$D$809,C45),0) -> 0
C46: Medium | D46: =COUNTIFS('Error Log'!$I$3:$I$809,D$39,'Error Log'!$C$3:$C$809,$B45,'Error Log'!$D$3:$D$809,$C46) -> 0 | E46: =COUNTIFS('Error Log'!$I$3:$I$809,E$39,'Error Log'!$C$3:$C$809,$B45,'Error Log'!$D$3:$D$809,$C46) -> 0 | F46: =COUNTIFS('Error Log'!$I$3:$I$809,F$39,'Error Log'!$C$3:$C$809,$B45,'Error Log'!$D$3:$D$809,$C46) -> 0 | G46: =SUM(D46:F46) -> 0 | H46: =IFERROR(AVERAGEIFS('Error Log'!$J$3:$J$809,'Error Log'!$C$3:$C$809,Analysis!B45,'Error Log'!$H$3:$H$809,"<>",'Error Log'!$D$3:$D$809,C46),0) -> 0
C47: Hard | D47: =COUNTIFS('Error Log'!$I$3:$I$809,D$39,'Error Log'!$C$3:$C$809,$B45,'Error Log'!$D$3:$D$809,$C47) -> 0 | E47: =COUNTIFS('Error Log'!$I$3:$I$809,E$39,'Error Log'!$C$3:$C$809,$B45,'Error Log'!$D$3:$D$809,$C47) -> 0 | F47: =COUNTIFS('Error Log'!$I$3:$I$809,F$39,'Error Log'!$C$3:$C$809,$B45,'Error Log'!$D$3:$D$809,$C47) -> 0 | G47: =SUM(D47:F47) -> 0 | H47: =IFERROR(AVERAGEIFS('Error Log'!$J$3:$J$809,'Error Log'!$C$3:$C$809,Analysis!B45,'Error Log'!$H$3:$H$809,"<>",'Error Log'!$D$3:$D$809,C47),0) -> 0
C48: Very Hard | D48: =COUNTIFS('Error Log'!$I$3:$I$809,D$39,'Error Log'!$C$3:$C$809,$B45,'Error Log'!$D$3:$D$809,$C48) -> 0 | E48: =COUNTIFS('Error Log'!$I$3:$I$809,E$39,'Error Log'!$C$3:$C$809,$B45,'Error Log'!$D$3:$D$809,$C48) -> 0 | F48: =COUNTIFS('Error Log'!$I$3:$I$809,F$39,'Error Log'!$C$3:$C$809,$B45,'Error Log'!$D$3:$D$809,$C48) -> 0 | G48: =SUM(D48:F48) -> 0 | H48: =IFERROR(AVERAGEIFS('Error Log'!$J$3:$J$809,'Error Log'!$C$3:$C$809,Analysis!B45,'Error Log'!$H$3:$H$809,"<>",'Error Log'!$D$3:$D$809,C48),0) -> 0
C49: N/A | D49: =COUNTIFS('Error Log'!$I$3:$I$809,D$39,'Error Log'!$C$3:$C$809,$B45,'Error Log'!$D$3:$D$809,$C49) -> 0 | E49: =COUNTIFS('Error Log'!$I$3:$I$809,E$39,'Error Log'!$C$3:$C$809,$B45,'Error Log'!$D$3:$D$809,$C49) -> 0 | F49: =COUNTIFS('Error Log'!$I$3:$I$809,F$39,'Error Log'!$C$3:$C$809,$B45,'Error Log'!$D$3:$D$809,$C49) -> 0 | G49: =SUM(D49:F49) -> 0 | H49: =IFERROR(AVERAGEIFS('Error Log'!$J$3:$J$809,'Error Log'!$C$3:$C$809,Analysis!B45,'Error Log'!$H$3:$H$809,"<>",'Error Log'!$D$3:$D$809,C49),0) -> 0
A50: Quant Total | D50: =SUM(D40:D49) -> 0 | E50: =SUM(E40:E49) -> 0 | F50: =SUM(F40:F49) -> 0 | G50: =SUM(G40:G49) -> 0 | H50: =IFERROR(AVERAGEIFS('Error Log'!$J$3:$J$809,'Error Log'!$B$3:$B$809,"Quant",'Error Log'!$H$3:$H$809,"<>"),0) -> 0
A51: Verbal | B51: CR | C51: Easy | D51: =COUNTIFS('Error Log'!$I$3:$I$809,D$39,'Error Log'!$C$3:$C$809,$B51,'Error Log'!$D$3:$D$809,$C51) -> 0 | E51: =COUNTIFS('Error Log'!$I$3:$I$809,E$39,'Error Log'!$C$3:$C$809,$B51,'Error Log'!$D$3:$D$809,$C51) -> 0 | F51: =COUNTIFS('Error Log'!$I$3:$I$809,F$39,'Error Log'!$C$3:$C$809,$B51,'Error Log'!$D$3:$D$809,$C51) -> 0 | G51: =SUM(D51:F51) -> 0 | H51: =IFERROR(AVERAGEIFS('Error Log'!$J$3:$J$809,'Error Log'!$C$3:$C$809,Analysis!B51,'Error Log'!$H$3:$H$809,"<>",'Error Log'!$D$3:$D$809,C51),0) -> 0
C52: Medium | D52: =COUNTIFS('Error Log'!$I$3:$I$809,D$39,'Error Log'!$C$3:$C$809,$B51,'Error Log'!$D$3:$D$809,$C52) -> 0 | E52: =COUNTIFS('Error Log'!$I$3:$I$809,E$39,'Error Log'!$C$3:$C$809,$B51,'Error Log'!$D$3:$D$809,$C52) -> 0 | F52: =COUNTIFS('Error Log'!$I$3:$I$809,F$39,'Error Log'!$C$3:$C$809,$B51,'Error Log'!$D$3:$D$809,$C52) -> 0 | G52: =SUM(D52:F52) -> 0 | H52: =IFERROR(AVERAGEIFS('Error Log'!$J$3:$J$809,'Error Log'!$C$3:$C$809,Analysis!B51,'Error Log'!$H$3:$H$809,"<>",'Error Log'!$D$3:$D$809,C52),0) -> 0
C53: Hard | D53: =COUNTIFS('Error Log'!$I$3:$I$809,D$39,'Error Log'!$C$3:$C$809,$B51,'Error Log'!$D$3:$D$809,$C53) -> 0 | E53: =COUNTIFS('Error Log'!$I$3:$I$809,E$39,'Error Log'!$C$3:$C$809,$B51,'Error Log'!$D$3:$D$809,$C53) -> 0 | F53: =COUNTIFS('Error Log'!$I$3:$I$809,F$39,'Error Log'!$C$3:$C$809,$B51,'Error Log'!$D$3:$D$809,$C53) -> 0 | G53: =SUM(D53:F53) -> 0 | H53: =IFERROR(AVERAGEIFS('Error Log'!$J$3:$J$809,'Error Log'!$C$3:$C$809,Analysis!B51,'Error Log'!$H$3:$H$809,"<>",'Error Log'!$D$3:$D$809,C53),0) -> 0
C54: Very Hard | D54: =COUNTIFS('Error Log'!$I$3:$I$809,D$39,'Error Log'!$C$3:$C$809,$B51,'Error Log'!$D$3:$D$809,$C54) -> 0 | E54: =COUNTIFS('Error Log'!$I$3:$I$809,E$39,'Error Log'!$C$3:$C$809,$B51,'Error Log'!$D$3:$D$809,$C54) -> 0 | F54: =COUNTIFS('Error Log'!$I$3:$I$809,F$39,'Error Log'!$C$3:$C$809,$B51,'Error Log'!$D$3:$D$809,$C54) -> 0 | G54: =SUM(D54:F54) -> 0 | H54: =IFERROR(AVERAGEIFS('Error Log'!$J$3:$J$809,'Error Log'!$C$3:$C$809,Analysis!B51,'Error Log'!$H$3:$H$809,"<>",'Error Log'!$D$3:$D$809,C54),0) -> 0
C55: N/A | D55: =COUNTIFS('Error Log'!$I$3:$I$809,D$39,'Error Log'!$C$3:$C$809,$B51,'Error Log'!$D$3:$D$809,$C55) -> 0 | E55: =COUNTIFS('Error Log'!$I$3:$I$809,E$39,'Error Log'!$C$3:$C$809,$B51,'Error Log'!$D$3:$D$809,$C55) -> 0 | F55: =COUNTIFS('Error Log'!$I$3:$I$809,F$39,'Error Log'!$C$3:$C$809,$B51,'Error Log'!$D$3:$D$809,$C55) -> 0 | G55: =SUM(D55:F55) -> 0 | H55: =IFERROR(AVERAGEIFS('Error Log'!$J$3:$J$809,'Error Log'!$C$3:$C$809,Analysis!B51,'Error Log'!$H$3:$H$809,"<>",'Error Log'!$D$3:$D$809,C55),0) -> 0
B56: RC | C56: Easy | D56: =COUNTIFS('Error Log'!$I$3:$I$809,D$39,'Error Log'!$C$3:$C$809,$B56,'Error Log'!$D$3:$D$809,$C56) -> 0 | E56: =COUNTIFS('Error Log'!$I$3:$I$809,E$39,'Error Log'!$C$3:$C$809,$B56,'Error Log'!$D$3:$D$809,$C56) -> 0 | F56: =COUNTIFS('Error Log'!$I$3:$I$809,F$39,'Error Log'!$C$3:$C$809,$B56,'Error Log'!$D$3:$D$809,$C56) -> 0 | G56: =SUM(D56:F56) -> 0 | H56: =IFERROR(AVERAGEIFS('Error Log'!$J$3:$J$809,'Error Log'!$C$3:$C$809,Analysis!B56,'Error Log'!$H$3:$H$809,"<>",'Error Log'!$D$3:$D$809,C56),0) -> 0
C57: Medium | D57: =COUNTIFS('Error Log'!$I$3:$I$809,D$39,'Error Log'!$C$3:$C$809,$B56,'Error Log'!$D$3:$D$809,$C57) -> 0 | E57: =COUNTIFS('Error Log'!$I$3:$I$809,E$39,'Error Log'!$C$3:$C$809,$B56,'Error Log'!$D$3:$D$809,$C57) -> 0 | F57: =COUNTIFS('Error Log'!$I$3:$I$809,F$39,'Error Log'!$C$3:$C$809,$B56,'Error Log'!$D$3:$D$809,$C57) -> 0 | G57: =SUM(D57:F57) -> 0 | H57: =IFERROR(AVERAGEIFS('Error Log'!$J$3:$J$809,'Error Log'!$C$3:$C$809,Analysis!B56,'Error Log'!$H$3:$H$809,"<>",'Error Log'!$D$3:$D$809,C57),0) -> 0
C58: Hard | D58: =COUNTIFS('Error Log'!$I$3:$I$809,D$39,'Error Log'!$C$3:$C$809,$B56,'Error Log'!$D$3:$D$809,$C58) -> 0 | E58: =COUNTIFS('Error Log'!$I$3:$I$809,E$39,'Error Log'!$C$3:$C$809,$B56,'Error Log'!$D$3:$D$809,$C58) -> 0 | F58: =COUNTIFS('Error Log'!$I$3:$I$809,F$39,'Error Log'!$C$3:$C$809,$B56,'Error Log'!$D$3:$D$809,$C58) -> 0 | G58: =SUM(D58:F58) -> 0 | H58: =IFERROR(AVERAGEIFS('Error Log'!$J$3:$J$809,'Error Log'!$C$3:$C$809,Analysis!B56,'Error Log'!$H$3:$H$809,"<>",'Error Log'!$D$3:$D$809,C58),0) -> 0
C59: Very Hard | D59: =COUNTIFS('Error Log'!$I$3:$I$809,D$39,'Error Log'!$C$3:$C$809,$B56,'Error Log'!$D$3:$D$809,$C59) -> 0 | E59: =COUNTIFS('Error Log'!$I$3:$I$809,E$39,'Error Log'!$C$3:$C$809,$B56,'Error Log'!$D$3:$D$809,$C59) -> 0 | F59: =COUNTIFS('Error Log'!$I$3:$I$809,F$39,'Error Log'!$C$3:$C$809,$B56,'Error Log'!$D$3:$D$809,$C59) -> 0 | G59: =SUM(D59:F59) -> 0 | H59: =IFERROR(AVERAGEIFS('Error Log'!$J$3:$J$809,'Error Log'!$C$3:$C$809,Analysis!B56,'Error Log'!$H$3:$H$809,"<>",'Error Log'!$D$3:$D$809,C59),0) -> 0
C60: N/A | D60: =COUNTIFS('Error Log'!$I$3:$I$809,D$39,'Error Log'!$C$3:$C$809,$B56,'Error Log'!$D$3:$D$809,$C60) -> 0 | E60: =COUNTIFS('Error Log'!$I$3:$I$809,E$39,'Error Log'!$C$3:$C$809,$B56,'Error Log'!$D$3:$D$809,$C60) -> 0 | F60: =COUNTIFS('Error Log'!$I$3:$I$809,F$39,'Error Log'!$C$3:$C$809,$B56,'Error Log'!$D$3:$D$809,$C60) -> 0 | G60: =SUM(D60:F60) -> 0 | H60: =IFERROR(AVERAGEIFS('Error Log'!$J$3:$J$809,'Error Log'!$C$3:$C$809,Analysis!B56,'Error Log'!$H$3:$H$809,"<>",'Error Log'!$D$3:$D$809,C60),0) -> 0
B61: SC | C61: Easy | D61: =COUNTIFS('Error Log'!$I$3:$I$809,D$39,'Error Log'!$C$3:$C$809,$B61,'Error Log'!$D$3:$D$809,$C61) -> 0 | E61: =COUNTIFS('Error Log'!$I$3:$I$809,E$39,'Error Log'!$C$3:$C$809,$B61,'Error Log'!$D$3:$D$809,$C61) -> 0 | F61: =COUNTIFS('Error Log'!$I$3:$I$809,F$39,'Error Log'!$C$3:$C$809,$B61,'Error Log'!$D$3:$D$809,$C61) -> 0 | G61: =SUM(D61:F61) -> 0 | H61: =IFERROR(AVERAGEIFS('Error Log'!$J$3:$J$809,'Error Log'!$C$3:$C$809,Analysis!B61,'Error Log'!$H$3:$H$809,"<>",'Error Log'!$D$3:$D$809,C61),0) -> 0
C62: Medium | D62: =COUNTIFS('Error Log'!$I$3:$I$809,D$39,'Error Log'!$C$3:$C$809,$B61,'Error Log'!$D$3:$D$809,$C62) -> 0 | E62: =COUNTIFS('Error Log'!$I$3:$I$809,E$39,'Error Log'!$C$3:$C$809,$B61,'Error Log'!$D$3:$D$809,$C62) -> 0 | F62: =COUNTIFS('Error Log'!$I$3:$I$809,F$39,'Error Log'!$C$3:$C$809,$B61,'Error Log'!$D$3:$D$809,$C62) -> 0 | G62: =SUM(D62:F62) -> 0 | H62: =IFERROR(AVERAGEIFS('Error Log'!$J$3:$J$809,'Error Log'!$C$3:$C$809,Analysis!B61,'Error Log'!$H$3:$H$809,"<>",'Error Log'!$D$3:$D$809,C62),0) -> 0
C63: Hard | D63: =COUNTIFS('Error Log'!$I$3:$I$809,D$39,'Error Log'!$C$3:$C$809,$B61,'Error Log'!$D$3:$D$809,$C63) -> 0 | E63: =COUNTIFS('Error Log'!$I$3:$I$809,E$39,'Error Log'!$C$3:$C$809,$B61,'Error Log'!$D$3:$D$809,$C63) -> 0 | F63: =COUNTIFS('Error Log'!$I$3:$I$809,F$39,'Error Log'!$C$3:$C$809,$B61,'Error Log'!$D$3:$D$809,$C63) -> 0 | G63: =SUM(D63:F63) -> 0 | H63: =IFERROR(AVERAGEIFS('Error Log'!$J$3:$J$809,'Error Log'!$C$3:$C$809,Analysis!B61,'Error Log'!$H$3:$H$809,"<>",'Error Log'!$D$3:$D$809,C63),0) -> 0
C64: Very Hard | D64: =COUNTIFS('Error Log'!$I$3:$I$809,D$39,'Error Log'!$C$3:$C$809,$B61,'Error Log'!$D$3:$D$809,$C64) -> 0 | E64: =COUNTIFS('Error Log'!$I$3:$I$809,E$39,'Error Log'!$C$3:$C$809,$B61,'Error Log'!$D$3:$D$809,$C64) -> 0 | F64: =COUNTIFS('Error Log'!$I$3:$I$809,F$39,'Error Log'!$C$3:$C$809,$B61,'Error Log'!$D$3:$D$809,$C64) -> 0 | G64: =SUM(D64:F64) -> 0 | H64: =IFERROR(AVERAGEIFS('Error Log'!$J$3:$J$809,'Error Log'!$C$3:$C$809,Analysis!B61,'Error Log'!$H$3:$H$809,"<>",'Error Log'!$D$3:$D$809,C64),0) -> 0
C65: N/A | D65: =COUNTIFS('Error Log'!$I$3:$I$809,D$39,'Error Log'!$C$3:$C$809,$B61,'Error Log'!$D$3:$D$809,$C65) -> 0 | E65: =COUNTIFS('Error Log'!$I$3:$I$809,E$39,'Error Log'!$C$3:$C$809,$B61,'Error Log'!$D$3:$D$809,$C65) -> 0 | F65: =COUNTIFS('Error Log'!$I$3:$I$809,F$39,'Error Log'!$C$3:$C$809,$B61,'Error Log'!$D$3:$D$809,$C65) -> 0 | G65: =SUM(D65:F65) -> 0 | H65: =IFERROR(AVERAGEIFS('Error Log'!$J$3:$J$809,'Error Log'!$C$3:$C$809,Analysis!B61,'Error Log'!$H$3:$H$809,"<>",'Error Log'!$D$3:$D$809,C65),0) -> 0
A66: Verbal Total | D66: =SUM(D51:D65) -> 0 | E66: =SUM(E51:E65) -> 0 | F66: =SUM(F51:F65) -> 0 | G66: =SUM(G51:G65) -> 0 | H66: =IFERROR(AVERAGEIFS('Error Log'!$J$3:$J$809,'Error Log'!$B$3:$B$809,"Verbal",'Error Log'!$H$3:$H$809,"<>"),0) -> 0
A67: Grand Total | D67: =D50+D66 -> 0 | E67: =E50+E66 -> 0 | F67: =F50+F66 -> 0 | G67: =SUM(D67:F67) -> 0 | H67: =IFERROR(AVERAGEIFS('Error Log'!$J$3:$J$809,'Error Log'!$H$3:$H$809,"<>"),0) -> 0
